 Dungeon Crawl Stone Soup version 0.29.1-1-gd02db6906a (webtiles) character file.

Game seed: 7973680887019409333

380638 Leon the Tortoise (level 21, -19/178 (201) HPs)
             Began as a Minotaur Fighter on Sept 26, 2022.
             Was an Elder of Ru.
             Demolished by a nagaraja
             ... wielding a +0 halberd
              (28 damage)
             ... on level 1 of the Depths.
             The game lasted 02:08:12 (66366 turns).

Leon the Tortoise (Minotaur Fighter)               Turns: 66366, Time: 02:08:13

HP:   -19/178 (201) AC: 28    Str: 34    XL:     21   Next: 89%
MP:   17/17         EV: 17    Int:  5    God:    Ru [****..]
Gold: 1771          SH: 28    Dex: 20    Spells: 20/20 levels left

rFire   + + .      SeeInvis +   a - +9 broad axe (freeze)
rCold   + + +      Faith    .   M - +0 tower shield
rNeg    . . .      Spirit   .   X - +2 plate armour {rC+}
rPois   .          Reflect  +   G - +1 hat
rElec   +          Harm     .   f - scarf {rC+ rF+}
rCorr   .          Rampage  .   V - +2 pair of gloves
Will    ++++.                   u - +1 pair of boots
Stlth   ..........              b - amulet "Kaphair" {Reflect Str+4 SH+5}
HPRegen 0.39/turn               c - ring "Lamoimm" {Ice Will++ SInv}
MPRegen 0.15/turn               N - ring of Berefomaxo {rElec rF++ Will+ Dex+8 Stlth-}

@: mighty, lethally poisoned (-19 -> -63), exhausted, about to teleport,
constricted, studying 2 skills, heavily drained
A: horns 2, low MP 1, inability to use devices, hated by all, no earth magic, no
necromancy magic, no transmutations magic, retaliatory headbutt
}: 2/15 runes: barnacled, gossamer
a: Renounce Religion, Draw Out Power, Power Leap


You were on level 1 of the Depths.
You worshipped Ru.
Ru was greatly pleased with you.
You visited 8 branches of the dungeon, and saw 38 of its levels.
You visited 1 bazaar.
You also visited: Bailey, Ice Cave and Desolation.

You collected 6141 gold pieces.
You spent 4370 gold pieces at shops.

Inventory:

Hand Weapons
 a - a +9 broad axe of freezing (weapon)
   (You found it in an ice cave)
 s - the +12 pair of quick blades "Gyre" and "Gimble" {protect}
   (You found it on level 3 of the Elven Halls)

   It grants its wielder temporary protection when it strikes (+7 to AC).
 K - the +8 demon trident "Rift" {distort, reach+}
   (You bought it in a shop in a bazaar)

   It warps and distorts space around it, and may blink, banish, or inflict
   extra damage upon those it strikes.
   Unwielding it can cause banishment or high damage.
   It can reach especially far, and its reaching attacks ignore other creatures
   in the way.
Missiles
 d - 8 throwing nets
 t - 9 javelins
 y - 2 datura-tipped darts
 B - 24 boomerangs (quivered)
 H - a silver boomerang
 J - 9 curare-tipped darts
 O - 7 silver javelins
 R - a boomerang of dispersal
 T - 6 atropa-tipped darts
Armour
 f - a scarf of resistance (worn)
   (You bought it in a shop on level 1 of the Elven Halls)
 n - a +2 chain mail of fire resistance
   (You found it in the Desolation of Salt)
 u - a +1 pair of boots (worn)
   (You found it on level 1 of the Lair of Beasts)
 v - a +1 cloak of willpower
   (You found it on level 3 of the Elven Halls)
 w - a +0 pair of gloves of strength
   (You found it in the Desolation of Salt)
 G - a +1 hat (worn)
   (You found it on level 2 of the Elven Halls)
 M - a +0 tower shield (worn)
   (You took it off a vault warden on level 3 of the Vaults)
 V - a +2 pair of gloves (worn)
   (You found it on level 1 of the Lair of Beasts)
 X - a +2 plate armour of cold resistance (worn)
   (You found it in an ice cave)
Jewellery
 b - the amulet "Kaphair" (around neck) {Reflect Str+4 SH+5}
   (You found it on level 3 of the Elven Halls)

   [amulet of reflection]

   It reflects blocked missile attacks.
   Str:       It affects your strength (+4).
   SH:        It affects your SH (+5).
 c - the ring "Lamoimm" (left hand) {Ice Will++ SInv}
   (You found it on level 4 of the Shoals)

   [ring of ice]

   It enhances your ice magic.
   rF:        It makes you vulnerable to fire.
   rC:        It protects you from cold.
   SInv:      It lets you see invisible.
   Will:      It greatly increases your willpower.
 l - a ring of resist corrosion
   (You found it on level 1 of the Elven Halls)
 m - a ring of protection from fire
   (You found it on level 1 of the Dungeon)
 F - a ring of positive energy
   (You took it off Maggie on level 6 of the Dungeon)
 N - the ring of Berefomaxo (right hand) {rElec rF++ Will+ Dex+8 Stlth-}
   (You bought it in a shop on level 3 of the Elven Halls)

   [ring of willpower]

   Dex:       It affects your dexterity (+8).
   rF:        It greatly protects you from fire.
   rElec:     It insulates you from electricity.
   Will:      It increases your willpower.
   Stlth:     It makes you less stealthy.
 Q - a ring of poison resistance
   (You found it on level 3 of the Elven Halls)
Scrolls
 h - 9 scrolls of vulnerability
 k - 4 scrolls of silence
 p - 7 scrolls of blinking
 z - 6 scrolls of teleportation
 A - 3 scrolls of magic mapping
 E - 6 scrolls of immolation
 I - 6 scrolls of enchant armour
 L - 6 scrolls of amnesia
 P - a scroll of fear
 S - 2 scrolls of torment
 U - 2 scrolls of brand weapon
Potions
 e - 11 potions of ambrosia
 g - 2 potions of cancellation
 i - 12 potions of curing
 j - 3 potions of invisibility
 o - a potion of magic
 q - 11 potions of mutation
 r - 3 potions of attraction
 x - 7 potions of heal wounds
 C - 6 potions of brilliance
 D - a potion of flight
 W - 5 potions of resistance
 Y - 5 potions of haste
 Z - 7 potions of might


   Skills:
 - Level 20.0 Fighting
 - Level 18.0 Axes
 + Level 18.1 Throwing
 - Level 20.0 Armour
 + Level 19.7 Dodging
 - Level 20.0 Shields


You had 20 spell levels left.
You didn't know any spells.
Your spell library contained the following spells:

 Spells                   Type           Power      Damage    Failure   Level
 Apportation              Tloc           0%         N/A       98%         1
 Freeze                   Ice            0%         1d3       98%         1
 Magic Dart               Conj           0%         1d3       98%         1
 Shock                    Conj/Air       0%         1d3       98%         1
 Slow                     Hex            0%         N/A       98%         1
 Ensorcelled Hibernation  Hex/Ice        0%         N/A       99%         2
 Scorch                   Fire           0%         2d5       99%         2
 Confusing Touch          Hex            0%         N/A       100%        3
 Dazzling Flash           Conj/Hex       0%         N/A       100%        3
 Frozen Ramparts          Ice            0%         1d1       100%        3
 Gell's Gravitas          Tloc           0%         N/A       100%        3
 Inner Flame              Hex/Fire       0%         N/A       100%        3
 Lesser Beckoning         Tloc           0%         N/A       100%        3
 Mephitic Cloud           Conj/Pois/Air  0%         N/A       100%        3
 Ozocubu's Armour         Ice            0%         N/A       100%        3
 Portal Projectile        Hex/Tloc       0%         N/A       100%        3
 Swiftness                Air            0%         N/A       100%        3
 Teleport Other           Tloc           0%         N/A       100%        3
 Airstrike                Air            0%         2d(0-16)  100%        4
 Cause Fear               Hex            0%         N/A       100%        4
 Flame Wave               Conj/Fire      0%         2d4       100%        4
 Hailstorm                Conj/Ice       0%         3d3       100%        4
 Passage of Golubria      Tloc           0%         N/A       100%        4
 Freezing Cloud           Conj/Ice/Air   0%         6-21      100%        5
 Silence                  Hex/Air        0%         N/A       100%        5
 Conjure Ball Lightning   Conj/Air       0%         3x3d6     100%        6
 Enfeeble                 Hex            0%         N/A       100%        7
 Ozocubu's Refrigeration  Ice            0%         4d7       100%        7
 Discord                  Hex            0%         N/A       100%        8
 Maxwell's Capacitive Co  Air            0%         ∞         100%        8
 Polar Vortex             Ice            0%         N/A       100%        9
 Beastly Appendage        Tmut           Unusable   N/A       N/A         1
 Necrotise                Necr           Unusable   1d4       N/A         1
 Summon Small Mammal      Summ           Unusable   N/A       N/A         1
 Call Imp                 Summ           Unusable   N/A       N/A         2
 Wereblood                Tmut           Unusable   N/A       N/A         2
 Call Canine Familiar     Summ           Unusable   N/A       N/A         3
 Spider Form              Tmut/Pois      Unusable   N/A       N/A         3
 Stone Arrow              Conj/Erth      Unusable   3d7       N/A         3
 Tukima's Dance           Hex            Unusable   N/A       N/A         3
 Vampiric Draining        Necr           Unusable   2d6       N/A         3
 Anguish                  Hex/Necr       Unusable   N/A       N/A         4
 Animate Armour           Summ/Erth      Unusable   N/A       N/A         4
 Leda's Liquefaction      Hex/Erth       Unusable   N/A       N/A         4
 Summon Lightning Spire   Summ/Air       Unusable   N/A       N/A         4
 Agony                    Necr           Unusable   N/A       N/A         5
 Blade Hands              Tmut           Unusable   N/A       N/A         5
 Summon Forest            Summ/Tloc      Unusable   N/A       N/A         5
 Yara's Violent Unravell  Hex/Tmut       Unusable   3d3       N/A         5
 Eringya's Noxious Bog    Tmut/Pois      Unusable   N/A       N/A         6
 Iron Shot                Conj/Erth      Unusable   9d1       N/A         6
 Simulacrum               Ice/Necr       Unusable   N/A       N/A         6
 Summon Cactus Giant      Summ           Unusable   N/A       N/A         6
 Storm Form               Tmut/Air       Unusable   N/A       N/A         7
 Summon Hydra             Summ           Unusable   N/A       N/A         7
 Dragon's Call            Summ           Unusable   N/A       N/A         9

Dungeon Overview and Level Annotations

Branches:
Dungeon (15/15)            Temple (0/1) D:7            Lair (5/5) D:11
 Shoals (4/4) Lair:2       Spider (4/4) Lair:3        Slime (0/5) Lair:4
    Orc (2/2) D:11            Elf (3/3) Orc:2        Vaults (4/5) D:14
  Crypt (0/3) Vaults:2     Depths (1/4) D:15         Bailey (visited)
  IceCv (visited)         Desolation (visited)

Altars:
Ashenzari
Elyvilon
Kikubaaqudgha
Ru
Vehumet
Zin
The Shining One
Lugonu

Shops:
D:6 [   D:7 !   D:13 (   Orc:1 *   Orc:2 :[=?*   Elf:1 ([*!   Elf:2 :
Elf:3 :!=:[=   Vaults:3 (   Vaults:4 :

Portals:
Abyss: Lair:5

Annotations:
D:6 exclusions: upstairs and 1 more exclusion
D:7 exclusion: oklob plant
Shoals:1 1 runed translucent door, Iamsock's ghost, journeyman GnWn
Shoals:2 1 runed translucent door, Cedruin's ghost, adept DrAr
Spider:1 2 transporters, Icepheonix32's ghost, adept MiFi; groovy9's ghost, adept FoHu
Vaults:3 3 runed translucent doors, bakla's ghost, veteran KoBr
Depths:1 Caat Rau's ghost, adept DgCj


Innate Abilities, Weirdness & Mutations

You have a pair of horns on your head.
Your magical capacity is low. (-10% MP)
You cannot study or use magical devices.
You are hated by all.
You cannot study or cast Earth magic.
You cannot study or cast Necromancy magic.
You cannot study or cast Transmutations magic.
You reflexively headbutt those who attack you in melee.


Message History

Your headbutt misses the fire dragon.
The fire dragon is heavily wounded.
You slash the fire dragon! You freeze the fire dragon.
The fire dragon is severely wounded.
The fire dragon is stunned by your conviction and fails to attack.
You hit the fire dragon. You freeze the fire dragon.
The fire dragon is severely wounded.
The fire dragon breathes flames at you. The blast of flame misses you.
You completely miss the fire dragon.
You headbutt the fire dragon, but do no damage.
The fire dragon is severely wounded.
The fire dragon breathes flames at you.
The blast of flame misses the fire dragon.
The blast of flame hits you! You resist.
You slice the fire dragon!! You freeze the fire dragon!
You kill the fire dragon!
You slice the fire dragon like a ripe choko!!!
You freeze the fire dragon. You headbutt the fire dragon!
The fire dragon is severely wounded.
You slash the fire dragon! You freeze the fire dragon!
You headbutt the fire dragon.
The fire dragon is almost dead.
The fire dragon breathes flames at you. The blast of flame hits you!
You resist.
You focus your inner power and illuminate the fire dragon in retribution!
You hit the fire dragon. You freeze the fire dragon.
You headbutt the fire dragon.
The fire dragon is almost dead.
The fire dragon bites you but does no damage.
You block the fire dragon's attack. The fire dragon completely misses you.
You slice the fire dragon!! You freeze the fire dragon.
You kill the fire dragon!
The fire dragon scales are intact enough to wear.
No target in view!
No target in view!
No target in view!
No target in view!
No target in view!
No target in view!
No target in view!
No target in view!
No target in view!
No target in view!
No target in view!
No target in view!
No target in view!
No target in view!
No target in view!
No target in view!
Things that are here:
+0 fire dragon scales; a fire dragon corpse No target in view!
No target in view!
No target in view!
No target in view!
HP restored.
Found a staircase to the Depths.
You now have 1647 gold pieces (gained 16).
You now have 1659 gold pieces (gained 12).
You now have 1676 gold pieces (gained 17).
You now have 1684 gold pieces (gained 8).
You now have 1705 gold pieces (gained 21).
You now have 1725 gold pieces (gained 20).
You now have 1745 gold pieces (gained 20).
You now have 1760 gold pieces (gained 15).
Things that are here:
+0 fire dragon scales; a fire dragon corpse You see here a +0 scale mail.
You open the door.
There is an open door here.
You open the door.
There is an open door here.
As you open the gate, it creaks loudly!
Found three altars.
There is an open gate here.
There is an open gate here.
There is an open door here.
As you open the door, it creaks loudly!
You hear a horrible gurgling sound! x2
A white ugly thing comes into view.
You hear a horrible gurgling sound!
A white ugly thing is nearby!
There is an open door here.
You block the white ugly thing's attack.
You slice the white ugly thing!! You freeze the white ugly thing.
You headbutt the white ugly thing!
The white ugly thing is heavily wounded.
You block the white ugly thing's attack.
You slice the white ugly thing!! You freeze the white ugly thing.
The white ugly thing is almost dead.
You block the white ugly thing's attack.
You slash the white ugly thing!
You kill the white ugly thing!
Found a stone staircase leading up.
A white ugly thing comes into view.
The white ugly thing gurgles horribly!
You hear a horrible gurgling sound!
A white ugly thing is nearby! 3 white ugly things come into view.
The white ugly thing gurgles horribly!
A white ugly thing comes into view.
The white ugly thing gurgles horribly!
The white ugly thing completely misses you.
You furiously retaliate!
You headbutt the white ugly thing!
The white ugly thing moves out of view.
You slash the white ugly thing! You freeze the white ugly thing.
The white ugly thing is moderately wounded.
You redirect the white ugly thing's attack!
The white ugly thing claws itself.
You catch the helpless white ugly thing completely off-guard!
You slice the white ugly thing!! You freeze the white ugly thing!
You headbutt the white ugly thing!
You kill the white ugly thing!
The white ugly thing pecks you but does no damage.
You see here an ugly thing corpse.
You hit the white ugly thing.
The white ugly thing is lightly wounded.
You block the white ugly thing's attack.
You hit the white ugly thing but do no damage.
The white ugly thing is lightly wounded.
The white ugly thing basks in the mutagenic energy from its kin and changes! x3
You slash the cyan ugly thing! You freeze the cyan ugly thing.
The cyan ugly thing is moderately wounded.
You slash the cyan ugly thing! You freeze the cyan ugly thing.
You headbutt the cyan ugly thing!
The cyan ugly thing is heavily wounded.
You slash the cyan ugly thing! You freeze the cyan ugly thing.
The cyan ugly thing is severely wounded.
The cyan ugly thing engulfs you. The cyan ugly thing shocks you. You resist.
You hit the cyan ugly thing but do no damage.
You headbutt the cyan ugly thing!
The cyan ugly thing is almost dead.
The cyan ugly thing basks in the mutagenic energy from its kin and changes! x2
You slice the white ugly thing!! You freeze the white ugly thing.
You kill the white ugly thing!
You slash the white ugly thing! You freeze the white ugly thing.
The white ugly thing is lightly wounded.
The cyan ugly thing basks in the mutagenic energy from its kin and changes!
You block the white ugly thing's attack.
You slash the white ugly thing! You freeze the white ugly thing.
You headbutt the white ugly thing.
The white ugly thing is moderately wounded.
You slice the white ugly thing!!
The white ugly thing is heavily wounded.
The white ugly thing claws you but does no damage.
You slash the white ugly thing! You freeze the white ugly thing.
Your headbutt misses the white ugly thing.
The white ugly thing is severely wounded.
You block the white ugly thing's attack.
You slice the white ugly thing!!
You kill the white ugly thing!
You slash the red ugly thing! You freeze the red ugly thing.
The red ugly thing is lightly wounded.
The red ugly thing basks in the mutagenic energy from its kin and changes!
You slash the cyan ugly thing! You freeze the cyan ugly thing.
You headbutt the cyan ugly thing!!
The cyan ugly thing is severely wounded.
You closely miss the cyan ugly thing.
Your headbutt misses the cyan ugly thing.
The cyan ugly thing is severely wounded.
You slice the cyan ugly thing!! You freeze the cyan ugly thing!
You kill the cyan ugly thing!
You slash the red ugly thing! You freeze the red ugly thing.
You headbutt the red ugly thing!
The red ugly thing is heavily wounded.
You block the red ugly thing's attack.
You slash the red ugly thing! You freeze the red ugly thing.
The red ugly thing is severely wounded.
You hit the red ugly thing but do no damage.
The red ugly thing is severely wounded.
You block the red ugly thing's attack.
You cut the red ugly thing into ribbons!!!
You freeze the red ugly thing.
You kill the red ugly thing!
No target in view!
No target in view!
No target in view!
No target in view!
No target in view!
No target in view!
No target in view!
No target in view!
An eight-headed hydra comes into view.
The eight-headed hydra roars!
An eight-headed hydra is nearby!
An eight-headed hydra is nearby!
An eight-headed hydra is nearby!
The eight-headed hydra closely misses you.
You block the eight-headed hydra's attack. x4
The eight-headed hydra closely misses you.
The eight-headed hydra misses you.
The eight-headed hydra completely misses you.
You chop one of the eight-headed hydra's heads off!
The seven-headed hydra grows two more!
You slash the nine-headed hydra!
The nine-headed hydra seems to slow down.
You freeze the nine-headed hydra.
The nine-headed hydra is lightly wounded.
The nine-headed hydra is stunned by your conviction and fails to attack.
You slice one of the nine-headed hydra's heads off!
The eight-headed hydra grows two more!
You slice the ten-headed hydra!!
The ten-headed hydra seems to slow down.
You freeze the ten-headed hydra!
The ten-headed hydra is heavily wounded.
You lop one of the ten-headed hydra's heads off!
The nine-headed hydra grows two more!
You hit the 11-headed hydra.
The 11-headed hydra seems to slow down.
You freeze the 11-headed hydra.
The 11-headed hydra is heavily wounded.
The 11-headed hydra bites you but does no damage.
You block the 11-headed hydra's attack.
The 11-headed hydra bites you but does no damage.
You block the 11-headed hydra's attack. x2
The 11-headed hydra closely misses you. You block the 11-headed hydra's attack.
The 11-headed hydra bites you but does no damage.
The 11-headed hydra misses you.
The 11-headed hydra bites you but does no damage.
The 11-headed hydra barely misses you.
You chop one of the 11-headed hydra's heads off!
The ten-headed hydra grows two more!
You open the 12-headed hydra like a pillowcase!!!
The 12-headed hydra seems to slow down.
You freeze the 12-headed hydra!
You kill the 12-headed hydra!
No target in view!
No target in view!
You see here a hydra corpse.
You see here a hydra corpse.
You see here an ugly thing corpse.
Things that are here:
an ugly thing corpse; an ugly thing corpse
Things that are here:
an ugly thing corpse; an ugly thing corpse You see here an ugly thing corpse.
There is an open door here.
There is an open door here.
There is a stone staircase leading up here.
You enter the shallow water.
Moving in this stuff is going to be slow.
Items here: ! ) [[.
You open the door.
There is an open door here.
There is an open door here.
Key pressed, stopping explore.
You enter the shallow water.
Moving in this stuff is going to be slow.
You see here a +0 short sword.
Things that are here:
a +4 scimitar of flaming; a +4 scimitar of flaming
There is a broken door here.
Found 5 stones.
You see here 5 stones.
You open the door.
There is an open door here.
There is an open door here.
You open the door.
There is an open door here.
There is an open door here.
There is a broken door here.
Key pressed, stopping explore.
You open the door.
There is an open door here.
You see here a +0 plate armour.
You enter the shallow water.
Moving in this stuff is going to be slow.
You enter the shallow water.
Moving in this stuff is going to be slow.
You enter the shallow water.
Moving in this stuff is going to be slow.
Key pressed, stopping explore.
You enter the shallow water.
Moving in this stuff is going to be slow.
Partly explored, can't reach some places.
Partly explored, can't reach some places.
Partly explored, can't reach some places.
Partly explored, can't reach some places.
(D) Dungeon (T) Temple (L) Lair (A) Shoals (N) Spider Nest (M) Slime Pits (O) Orcish Mines (E) Elven Halls (V) Vaults (C) Crypt (U) Depths
Where to? (Enter - D:15, ? - help)
What level of the Depths? (default 1, ? - help)
Okay, then.
Items here: ! ) [[.
Okay, then.
(D) Dungeon (T) Temple (L) Lair (A) Shoals (N) Spider Nest (M) Slime Pits (O) Orcish Mines (E) Elven Halls (V) Vaults (C) Crypt (U) Depths
Where to? (Enter - D:15, ? - help) You're already at the bottom of this branch!
(D) Dungeon (T) Temple (L) Lair (A) Shoals (N) Spider Nest (M) Slime Pits (O) Orcish Mines (E) Elven Halls (V) Vaults (C) Crypt (U) Depths
Where to? (Enter - D:15, ? - help)
What level of the Depths? (default 1, ? - help)
There is a stone staircase leading up here.
There is an open door here.
You open the door.
There is an open door here.
You see here +0 fire dragon scales.
You see here a potion of lignification.
There is a staircase to the Depths here.
You climb downwards.
Welcome to the Depths!
There is a staircase back to the Dungeon here.
Found a stone staircase leading down.
An ettin comes into view.
It is wielding a +0 dire flail and a +3 dire flail.
An ettin is nearby!
An ettin is nearby!
You throw a boomerang. The boomerang hits the ettin!!!
The ettin is almost dead.
You hear a shout!
You throw a boomerang. The boomerang hits the ettin.
The ettin is almost dead.
A stone giant comes into view.
You throw a boomerang. The boomerang hits the ettin!
You kill the ettin!
The stone giant throws a large rock.
You reflect the large rock off an invisible shield around you!
The large rock hits the stone giant!
Found a wand of polymorph (4).
The stone giant throws a large rock.
The large rock closely misses you. You block the stone giant's attack.
You slice the stone giant like a ripe choko!!!
You freeze the stone giant!
The stone giant is severely wounded.
A flayed ghost comes into view.
The stone giant closely misses you. You furiously retaliate!
You headbutt the stone giant. You slash the stone giant!
You freeze the stone giant.
The stone giant is almost dead.
You block the stone giant's attack.
You slash the stone giant! You freeze the stone giant.
You kill the stone giant!
Found 7 stones.
The flayed ghost begins to attack, but is stunned by your conviction!
Found an escape hatch in the floor.
You block the flayed ghost's attack.
You barely miss the flayed ghost.
The flayed ghost begins to attack, but is stunned by your conviction!
You slice the flayed ghost!! You freeze the flayed ghost.
Your headbutt misses the flayed ghost.
The flayed ghost is heavily damaged.
The flayed ghost cries, "Suffer as I suffered!"
Terrible wounds open up all over your body!
You slash the flayed ghost! You freeze the flayed ghost.
Your headbutt misses the flayed ghost.
The flayed ghost is severely damaged.
You block the flayed ghost's attack.
You barely miss the flayed ghost. You headbutt the flayed ghost.
The flayed ghost is almost destroyed.
The flayed ghost stares at you with tortured malice.
Terrible wounds spread across more of your body!
You are too injured to fight recklessly!
You are too injured to fight recklessly!
You are too injured to fight recklessly!
You miss the flayed ghost. Your headbutt misses the flayed ghost.
The flayed ghost is almost destroyed.
The flayed ghost hits you!
You slice the flayed ghost!! You freeze the flayed ghost.
You destroy the flayed ghost!
The terrible wounds on your body vanish.
HP restored.
Things that are here:
a +0 dire flail; a +3 dire flail; an ettin corpse The ice dragon roars deafeningly!
You hear a deafening roar!
Caat Rau's ghost turns its malevolent gaze towards you.
The spriggan air mage shouts!
Found a box of beasts.
The frost giant shouts!
An ice dragon comes into view.
The ice dragon roars deafeningly!
You hear a deafening roar!
The ice dragon breathes frost at you. The blast of cold hits you. You resist.
You hear a shout!
An ice dragon comes into view.
The ice dragon breathes frost at you. The blast of cold misses you.
You hear a deafening roar!
No reachable target in view!
No reachable target in view!
A fire giant comes into view.
It is wielding a +2 great sword of flaming.
The fire giant shouts!
The ice dragon roars deafeningly!
The fire giant gestures at you while chanting.
The fireball explodes!
The fireball engulfs you. You resist.
You hear a deafening roar!
You hear a horrible gurgling sound! x2
The ice dragon begins to attack, but is stunned by your conviction!
You slice the fire giant!! You freeze the fire giant.
You headbutt the fire giant!
The fire giant is heavily wounded.
The fire giant gestures at you while chanting.
The bolt of fire hits you! You resist.
You slice the fire giant!! You freeze the fire giant.
The fire giant is severely wounded.
You block the fire giant's attack.
You slice the fire giant!! You freeze the fire giant!
You kill the fire giant!
You hear a deafening roar!
You redirect the ice dragon's attack!
The ice dragon breathes frost at the spriggan air mage.
A fire dragon comes into view.
The fire dragon roars deafeningly!
You redirect the ice dragon's attack!
The ice dragon bites itself!
The ice dragon claws itself but does no damage.
The ice dragon tramples itself!
Things that are here:
a +2 great sword of flaming; a fire giant corpse You slash the ice dragon!
You headbutt the ice dragon.
The ice dragon is moderately wounded.
The ice dragon breathes frost at you.
The blast of cold hits the ice dragon.
The ice dragon resists.
The blast of cold misses you.
You hear a horrible gurgling sound! x2
You barely miss the fire dragon.
The fire dragon is severely wounded.
You hit the ice dragon but do no damage.
You completely miss the fire dragon. You headbutt the fire dragon.
The fire dragon is severely wounded.
You closely miss the ice dragon. You block the ice dragon's attack. x3
The fire dragon breathes flames at you.
The blast of flame hits you but does no damage.
You hear a horrible gurgling sound!
You slice the fire dragon!! You freeze the fire dragon.
Your headbutt misses the fire dragon.
The fire dragon is almost dead.
You closely miss the ice dragon. You block the ice dragon's attack. x2
The ice dragon misses you. You block the fire dragon's attack. x2
The fire dragon barely misses you.
You slice the fire dragon!! You freeze the fire dragon.
You kill the fire dragon!
You slash the ice dragon! You freeze the ice dragon.
You block the ice dragon's attack. x2; The ice dragon completely misses you.
The ice dragon begins to attack, but is stunned by your conviction!
You slash the ice dragon! You headbutt the ice dragon.
The ice dragon is severely wounded.
You block the ice dragon's attack. x2
The ice dragon tramples you but does no damage.
You barely miss the ice dragon.
The ice dragon is severely wounded.
You slash the ice dragon! You freeze the ice dragon. The ice dragon bites you.
You block the ice dragon's attack.
The ice dragon tramples you but does no damage.
The ice dragon begins to attack, but is stunned by your conviction!
You hit the ice dragon but do no damage.
You headbutt the ice dragon!
The ice dragon is almost dead.
You slash the ice dragon! You freeze the ice dragon. You hit the ice dragon.
The ice dragon is almost dead.
You hit the ice dragon. The ice dragon breathes frost at you.
The blast of cold misses you. You block the ice dragon's attack. x2
The ice dragon misses you.
You hear a horrible gurgling sound! x2
You slice the ice dragon!!
You kill the ice dragon!
You slice the ice dragon!! You freeze the ice dragon. The ice dragon bites you.
You block the ice dragon's attack. x2
You slice the ice dragon!! You freeze the ice dragon.
The ice dragon is severely wounded.
The ice dragon breathes frost at you. The blast of cold hits you! You resist.
You chop the ice dragon into pieces!!!
You kill the ice dragon!
Your Throwing skill increases to level 18!
No target in view!
No target in view!
Key pressed, stopping explore.
You now have 1771 gold pieces (gained 11). 2 white very ugly things and a white ugly thing come into view.
The white very ugly thing gurgles horribly! x2
The white ugly thing gurgles horribly!
A white ugly thing comes into view.
There are monsters nearby!
There are monsters nearby!
The white ugly thing gurgles horribly!
You slice the white very ugly thing!!
The white very ugly thing is moderately wounded.
You block the white very ugly thing's attack.
You slash the white very ugly thing!
The white very ugly thing is heavily wounded.
You slice the white very ugly thing!! You slash the white very ugly thing!
You freeze the white very ugly thing.
The white very ugly thing is heavily wounded.
You hit the white very ugly thing but do no damage.
The white ugly thing basks in the mutagenic energy from its kin and changes!
The white very ugly thing headbutts you but does no damage.
You slash the white very ugly thing! You headbutt the white very ugly thing!
The white very ugly thing is severely wounded.
You hit the white very ugly thing.
You block the white very ugly thing's attack.
You hit the white very ugly thing but do no damage.
Your headbutt misses the white very ugly thing.
The white very ugly thing is severely wounded.
You hit the white very ugly thing.
The white very ugly thing basks in the mutagenic energy from its kin and changes!
You hit the red very ugly thing. You freeze the red very ugly thing.
The red very ugly thing is almost dead.
You closely miss the white very ugly thing.
You block the white very ugly thing's attack.
You slice the red very ugly thing!! You freeze the red very ugly thing.
You kill the red very ugly thing!
You slice the white very ugly thing!! You freeze the white very ugly thing.
The white very ugly thing basks in the mutagenic energy from its kin and changes!
The red ugly thing basks in the mutagenic energy from its kin and changes!
You slash the purple very ugly thing! You freeze the purple very ugly thing.
Your headbutt misses the purple very ugly thing.
The purple very ugly thing is heavily wounded.
You slice the white ugly thing!!
The white ugly thing is stunned by your conviction and fails to attack.
You slice the purple very ugly thing!! You freeze the purple very ugly thing!
You headbutt the purple very ugly thing.
The purple very ugly thing is almost dead.
You slash the white ugly thing! You freeze the white ugly thing.
You block the white ugly thing's attack.
You slice the purple very ugly thing!! You freeze the purple very ugly thing.
You kill the purple very ugly thing!
You slice the white ugly thing!! You freeze the white ugly thing.
You block the white ugly thing's attack.
You slice the white ugly thing!! You freeze the white ugly thing.
You kill the white ugly thing!
You slice the white ugly thing!! You freeze the white ugly thing.
The white ugly thing is heavily wounded.
The white ugly thing gores you. The white ugly thing freezes you. You resist.
You slash the white ugly thing! You freeze the white ugly thing.
You headbutt the white ugly thing!
The white ugly thing is almost dead.
You block the white ugly thing's attack.
You barely miss the white ugly thing. You headbutt the white ugly thing!
You kill the white ugly thing!
No target in view!
No target in view!
No target in view!
No target in view!
No target in view!
You see here a very ugly thing corpse.
An anaconda comes into view.
An anaconda is nearby!
An anaconda is nearby!
An anaconda is nearby! 2 lindwurms and an ice dragon come into view.
The lindwurm roars!
The anaconda hisses angrily.
The lindwurm roars!
The ice dragon roars deafeningly!
You hear an angry hiss. x3
A black mamba comes into view.
The lindwurm breathes flames at you. The blast of flame misses you.
You hear an angry hiss.
You hear a shout!
You hear an angry hiss. x2
A naga warrior comes into view. It is wielding a +0 dire flail.
An adder comes into view.
The adder hisses angrily.
The naga warrior shouts!
You slash the anaconda! You freeze the anaconda.
Your headbutt misses the anaconda.
The anaconda is moderately wounded.
You hear a shout!
You block the anaconda's attack. x2
The ice dragon breathes frost at you. The blast of cold hits you. You resist.
You focus your inner power and blind the ice dragon in retribution!
A rakshasa comes into view. It is wielding a +0 long sword.
The naga warrior begins to attack, but is stunned by your conviction!
A naga warrior comes into view. It is wielding a +0 glaive.
You hear a shout! x4; You hear an angry hiss.
You hear a shout!
You closely miss the anaconda. You headbutt the anaconda!
The anaconda is heavily wounded.
The anaconda misses you. The anaconda bites you.
You hit the anaconda. You freeze the anaconda.
Your headbutt misses the anaconda.
The anaconda is heavily wounded.
You block the anaconda's attack. x2; The anaconda grabs you.
The anaconda bites you but does no damage.
The anaconda constricts you.
The naga warrior roars a battlecry!
The naga warrior goes into a battle-frenzy!
You hear a shout!
You closely miss the anaconda.
The anaconda is heavily wounded.
A guardian serpent comes into view.
The anaconda is stunned by your conviction and fails to attack.
The anaconda constricts you.
The anaconda's grasp on you weakens, but your attempt to escape fails.
You block the anaconda's attack. The anaconda constricts you.
The lindwurm breathes flames at you. The blast of flame hits you. You resist.
You block the anaconda's attack. The anaconda constricts you.
A sea snake comes into view.
A guardian serpent comes into view.
You escape the anaconda's grasp.
The rakshasa weaves an illusion.
The naga warrior shimmers and seems to become two!
The naga warrior roars a battlecry!
The naga warriors go into a battle-frenzy!
A naga warrior comes into view. It is wielding a +0 mace.
You block the anaconda's attack. x2
An adder comes into view.
You hear an angry hiss.
The sea snake hisses angrily.
You hit the anaconda.
The anaconda seems to slow down.
You freeze the anaconda.
The anaconda is heavily wounded.
The lindwurm is engulfed in a cloud of scalding steam.
The rakshasa blinks!
The guardian serpent coils itself and waves its upper body at you.
The bolt of poison hits you!!
You are poisoned.
You block the anaconda's attack. x2
You slice the anaconda!! You freeze the anaconda!
You kill the anaconda!
You feel sick.
You hear an angry hiss.
A naga comes into view. It is wielding a +0 mace.
The lindwurm begins to attack, but is stunned by your conviction!
The naga warrior roars a battlecry!
You slash the black mamba!
The black mamba seems to slow down.
You freeze the black mamba.
The black mamba is heavily wounded.
You feel sick.
You redirect the black mamba's attack!
The black mamba barely misses the adder.
The guardian serpent coils itself and waves its upper body at you.
The lindwurm blinks!
You cut the black mamba into ribbons!!!
The black mamba seems to slow down.
You freeze the black mamba.
You kill the black mamba!
You slash the lindwurm! You freeze the lindwurm. You slash the black mamba!
You freeze the black mamba.
You feel sick.
A nagaraja comes into view. It is wielding a +0 halberd.
You redirect the black mamba's attack!
The black mamba bites itself!
The rakshasa gestures at you. The lance of force misses you.
You block the lindwurm's attack. x2
The lindwurm closely misses you.
A nagaraja comes into view. It is wielding a +0 flail of draining.
You slice the black mamba!! You freeze the black mamba!
You kill the black mamba!
You slash the lindwurm! You freeze the lindwurm.
You feel sick.
The naga warrior roars a battlecry!
A nagaraja comes into view.
It is wielding a +1 flail of holy wrath.
A naga warrior comes into view.
It is wielding a +0 battleaxe and wearing a +2 robe of willpower.
You hear an angry hiss.
You slice the lindwurm!! You freeze the lindwurm.
You kill the lindwurm!
You feel sick.
You block the guardian serpent's attack.
You slice the guardian serpent!! You freeze the guardian serpent!
The guardian serpent is severely wounded.
You block the guardian serpent's attack. 2 anacondas come into view.
You hit the guardian serpent. You freeze the guardian serpent.
You headbutt the guardian serpent.
The guardian serpent is severely wounded.
You feel sick.
The guardian serpent coils itself and waves its upper body at you.
You resist with almost no effort.
The guardian serpent coils itself and waves its upper body at you.
The adder blinks!
The naga warrior begins to attack, but is stunned by your conviction!
The anaconda moves out of view.
You barely miss the guardian serpent.
You headbutt the guardian serpent, but do no damage.
The guardian serpent is severely wounded.
You slash the adder! You freeze the adder.
You kill the adder!
You hit the sea snake. You freeze the sea snake.
You feel sick.
The guardian serpent begins to cast a spell, but is stunned by your conviction!
You block the sea snake's attack.
The nagaraja gestures wildly while chanting.
The nagaraja seems to speed up.
The nagaraja mumbles some strange words.
The nagaraja seems to speed up.
The rakshasa weaves an illusion.
The nagaraja shimmers and seems to become two!
The naga warrior begins to attack, but is stunned by your conviction!
The guardian serpent casts a spell at you.
The lindwurm blinks!
You hear a shout!
You miss the guardian serpent.
The guardian serpent is severely wounded.
You slice the sea snake!!
The sea snake seems to slow down.
You freeze the sea snake. You hit the lindwurm. You freeze the lindwurm.
You feel sick.
The nagaraja no longer looks unusually strong.
You redirect the nagaraja's attack!
The nagaraja gestures at the guardian serpent while chanting.
The poison arrow hits the anaconda!!
The anaconda looks as sick as possible!
You block the sea snake's attack.
The guardian serpent completely misses you.
The ice dragon begins to attack, but is stunned by your conviction!
You block the lindwurm's attack. The lindwurm misses you.
The lindwurm claws you but does no damage.
You hear an angry hiss.
You closely miss the guardian serpent.
The guardian serpent is severely wounded.
You hit the lindwurm. You freeze the lindwurm. You miss the sea snake.
You feel sick.
You are no longer poisoned.
The guardian serpent casts a spell at you.
A guardian serpent comes into view.
The sea snake bites you! You block the lindwurm's attack.
The lindwurm claws you but does no damage.
You block the lindwurm's attack.
The naga warrior roars a battlecry!
The nagaraja goes into a battle-frenzy!
You hear an angry hiss.
You slash the guardian serpent! You freeze the guardian serpent.
You kill the guardian serpent!
You slash the lindwurm! You freeze the lindwurm. You miss the sea snake.
The naga warrior begins to attack, but is stunned by your conviction!
You barely miss the sea snake.
The sea snake is heavily wounded.
You slash the lindwurm! You freeze the lindwurm.
You redirect the naga warrior's attack!
You block the lindwurm's attack. The lindwurm claws you.
The lindwurm barely misses you. You block the sea snake's attack.
The naga warrior roars a battlecry!
The naga goes into a battle-frenzy!
A black mamba comes into view.
You hit the sea snake. You freeze the sea snake.
The sea snake is heavily wounded.
You slash the lindwurm! You freeze the lindwurm. You hit the rakshasa.
You freeze the rakshasa.
The sea snake is no longer moving slowly.
The nagaraja no longer looks unusually strong.
The nagaraja begins to cast a spell, but is stunned by your conviction!
The rakshasa blinks!
You block the lindwurm's attack. x2
The lindwurm barely misses you. The sea snake bites you.
The naga warrior spits poison at you.
The splash of poison reflects off an invisible shield around you!
The splash of poison hits the naga warrior.
The naga warrior is poisoned.
The naga warrior roars a battlecry!
The nagaraja goes into a battle-frenzy!
You slash the lindwurm! You freeze the lindwurm.
You kill the lindwurm!
You slash the sea snake!
The sea snake seems to slow down.
You freeze the sea snake.
The nagaraja no longer looks unusually strong.
The naga warrior no longer looks unusually strong.
The nagaraja begins to cast a spell, but is stunned by your conviction!
A naga warrior comes into view. It is wielding a +0 hand axe.
You slash the sea snake! You freeze the sea snake.
You kill the sea snake!
You slice the rakshasa!! You freeze the rakshasa! You barely miss the anaconda.
The injured rakshasa weaves a defensive illusion!
You block the anaconda's attack. x2
The naga warrior begins to attack, but is stunned by your conviction!
The naga warrior roars a battlecry!
The nagas go into a battle-frenzy!
The naga warrior roars a battlecry!
The naga warrior goes into a battle-frenzy!
The anaconda completely misses you. You furiously retaliate!
You headbutt the anaconda. You block the anaconda's attack.
You redirect the rakshasa's attack!
The rakshasa hits you but does no damage.
The nagaraja spits poison at you. The splash of poison misses you.
The splash of poison hits the rakshasa.
You hear an angry hiss.
You carve the rakshasa like a ham!!! You freeze the rakshasa!
You kill the rakshasa!
The rakshasa shimmers and vanishes! x2; The nagaraja shimmers and vanishes!
The naga warrior shimmers and vanishes!
You closely miss the anaconda.
You hear an angry hiss. x2
The anaconda grabs you. You block the anaconda's attack.
The anaconda constricts you.
You hear a shout!
You hear an angry hiss.
You slice the anaconda!! You freeze the anaconda! You headbutt the anaconda.
The anaconda is severely wounded.
The naga warrior no longer looks unusually strong.
The anaconda barely misses you. The anaconda constricts you.
You redirect the nagaraja's attack!
You block the anaconda's attack. The anaconda constricts you.
You slash the anaconda! You freeze the anaconda.
The anaconda is almost dead.
The anaconda is stunned by your conviction and fails to attack.
The anaconda constricts you.
The naga warrior roars a battlecry!
The naga warrior goes into a battle-frenzy!
The naga warrior spits poison at you.
The splash of poison reflects off an invisible shield around you!
The splash of poison hits the naga warrior.
You hit the anaconda. You freeze the anaconda.
Your headbutt misses the anaconda.
The anaconda is almost dead.
The naga warrior no longer looks unusually strong.
The nagaraja begins to cast a spell, but is stunned by your conviction!
You block the anaconda's attack. The anaconda constricts you.
The naga warrior begins to attack, but is stunned by your conviction!
The nagaraja gestures wildly while chanting.
The nagaraja seems to speed up.
You hit the anaconda.
The anaconda seems to slow down.
You freeze the anaconda.
You kill the anaconda!
You redirect the guardian serpent's attack!
The naga warrior roars a battlecry!
The naga warrior goes into a battle-frenzy!
You hear an angry hiss.
You barely miss the guardian serpent.
Your headbutt misses the guardian serpent.
You block the guardian serpent's attack.
You closely miss the guardian serpent. You headbutt the guardian serpent.
The guardian serpent is lightly wounded.
The nagaraja no longer looks unusually strong.
You block the guardian serpent's attack.
The nagaraja begins to cast a spell, but is stunned by your conviction!
The guardian serpent coils itself and waves its upper body at you.
The bolt of poison misses you.
You slice the guardian serpent!! You freeze the guardian serpent.
The guardian serpent is severely wounded.
The nagaraja begins to cast a spell, but is stunned by your conviction!
The ice dragon breathes frost at you. The blast of cold misses you.
The naga warrior roars a battlecry!
The nagaraja goes into a battle-frenzy!
The guardian serpent coils itself and waves its upper body at you.
The naga warrior blinks!
The anaconda blinks!
You hear a shout!
You slash the anaconda! You freeze the anaconda.
You kill the anaconda!
You closely miss the guardian serpent. You slash the ice dragon!
You slice the naga warrior!! You freeze the naga warrior.
The guardian serpent begins to cast a spell, but is stunned by your conviction!
The ice dragon is engulfed in a cloud of scalding steam.
You block the ice dragon's attack. x2; The ice dragon tramples you!
You stumble backwards!
You slash the naga warrior! You freeze the naga warrior.
The naga warrior is severely wounded.
You hit the ice dragon but do no damage.
You block the naga warrior's attack. x2
You redirect the nagaraja's attack!
You block the ice dragon's attack. The ice dragon closely misses you.
The ice dragon barely misses you.
You slice the naga warrior!! You freeze the naga warrior.
You kill the naga warrior!
You slash the ice dragon!
You hear an angry hiss.
An anaconda comes into view.
The naga warrior is engulfed in a cloud of scalding steam.
The naga warrior roars a battlecry!
You slice the ice dragon!! You freeze the ice dragon.
You headbutt the ice dragon.
The ice dragon is severely wounded.
You block the ice dragon's attack. x3
An adder comes into view.
You hit the ice dragon but do no damage.
You headbutt the ice dragon, but do no damage.
The ice dragon is severely wounded.
The ice dragon breathes frost at you. The blast of cold hits you. You resist.
You hear an angry hiss.
You slice the ice dragon!! You freeze the ice dragon.
You headbutt the ice dragon.
The ice dragon is almost dead.
The naga no longer looks unusually strong.
The nagaraja no longer looks unusually strong.
The nagaraja begins to cast a spell, but is stunned by your conviction!
You block the ice dragon's attack. The ice dragon barely misses you.
You block the ice dragon's attack.
You hit the ice dragon.
You headbutt the ice dragon, but do no damage.
The ice dragon is almost dead.
The guardian serpent coils itself and waves its upper body at you.
The nagaraja blinks! x2; The sea snake blinks!
You redirect the naga's attack!
The ice dragon closely misses you. You block the ice dragon's attack.
The ice dragon barely misses you.
You hit the ice dragon. Your headbutt misses the ice dragon.
The ice dragon is almost dead.
You slice the nagaraja!! You freeze the nagaraja. You slash the sea snake!
The sea snake seems to slow down.
You freeze the sea snake. You closely miss the nagaraja.
The nagaraja spits poison at you.
The splash of poison reflects off an invisible shield around you!
The splash of poison hits the nagaraja.
The sea snake closely misses you.
The nagaraja gestures at you while chanting.
The poison arrow hits you!!
You are poisoned.
You block the nagaraja's attack. The nagaraja grabs you.
The nagaraja constricts you.
The ice dragon is stunned by your conviction and fails to attack.
You are too injured to fight recklessly!
You are too injured to fight recklessly!
You are too injured to fight recklessly!
You are too injured to fight recklessly!
You are restored by drawing out deep reserves of power within.
The nagaraja loses its grip on you.
You feel drained.
You feel very sick.
The nagaraja is stunned by your conviction and fails to attack.
The nagaraja points at you and mumbles some strange words.
The poison arrow reflects off an invisible shield around you!
The poison arrow hits the nagaraja!!
The nagaraja partially resists.
The nagaraja is poisoned.
You block the sea snake's attack. The ice dragon closely misses you.
You furiously retaliate!
You headbutt the ice dragon.
You kill the ice dragon!
You feel very mighty all of a sudden.
You feel very sick.
The naga warrior no longer looks unusually strong.
You block the nagaraja's attack. x2
The nagaraja hits you with a +0 flail of draining!
You feel drained. The nagaraja grabs you. The nagaraja constricts you.
The naga warrior roars a battlecry!
The nagas go into a battle-frenzy!
A nagaraja comes into view. It is wielding a +0 whip.
You slash the nagaraja! You freeze the nagaraja.
Your headbutt misses the nagaraja.
The nagaraja is lightly wounded.
You barely miss the nagaraja. You slice the sea snake!!
The sea snake seems to slow down.
You freeze the sea snake.
You feel very sick. The nagaraja spits poison at you.
The splash of poison hits you but does no damage.
You are more poisoned.
The nagaraja spits poison at you. The splash of poison hits you.
You are more poisoned.
The nagaraja constricts you. You block the sea snake's attack.
The naga warrior begins to attack, but is stunned by your conviction!
The guardian serpent begins to cast a spell, but is stunned by your conviction!
You block the nagaraja's attack.
The naga warrior begins to attack, but is stunned by your conviction!
You closely miss the nagaraja. You headbutt the nagaraja!
The nagaraja is moderately wounded.
You hit the nagaraja. You freeze the nagaraja. You slice the sea snake!!
The sea snake seems to slow down.
You freeze the sea snake.
You kill the sea snake!
You feel very sick.
The nagaraja no longer looks unusually strong.
The naga warrior no longer looks unusually strong.
The nagaraja gestures at you while chanting.
You resist with almost no effort. The nagaraja constricts you.
You block the nagaraja's attack. x2
The nagaraja is stunned by your conviction and fails to attack.
The nagaraja constricts you. The nagaraja casts a spell at you.
The bolt of poison hits you!
You are more poisoned.
* * * LOW HITPOINT WARNING * * *
Okay, then.
As you read the scroll of teleportation, it crumbles to dust.
You feel strangely unstable.
You feel extremely sick. The naga warrior spits poison at you.
The splash of poison reflects off an invisible shield around you!
The splash of poison hits the nagaraja.
The nagaraja completely resists.
The naga warrior roars a battlecry!
The naga warrior goes into a battle-frenzy!
The nagaraja begins to cast a spell, but is stunned by your conviction!
You block the nagaraja's attack. x2; The nagaraja constricts you.
The nagaraja spits poison at you.
The splash of poison hits you but does no damage.
You are more poisoned.
You hear a shout!
You feel better.
The nagaraja no longer looks unusually strong.
The nagaraja hits you from afar with a +0 halberd.
* * * LOW HITPOINT WARNING * * *
You block the nagaraja's attack.
The naga warrior roars a battlecry!
The nagaraja goes into a battle-frenzy!
The nagaraja casts a spell at you. The bolt of poison hits you!
You are poisoned.
* * * LOW HITPOINT WARNING * * *
The nagaraja constricts you.
You focus your inner power and illuminate the nagaraja in retribution!
The guardian serpent coils itself and waves its upper body at you.
The bolt of poison hits the nagaraja.
The bolt of poison hits you.
You are more poisoned.
* * * LOW HITPOINT WARNING * * *
You block the nagaraja's attack.
You redirect the nagaraja's attack!
You block the nagaraja's attack.
You hear an angry hiss.
You feel much better.
You feel extremely sick.
The nagaraja begins to cast a spell, but is stunned by your conviction!
The nagaraja constricts you.
The guardian serpent coils itself and waves its upper body at you.
The naga warrior blinks!
The nagaraja blinks!
You redirect the guardian serpent's attack!
You block the nagaraja's attack. The nagaraja spits poison at you.
The splash of poison hits you.
You are more poisoned.
* * * LOW HITPOINT WARNING * * *
The nagaraja hits you with a +0 flail of draining!!
* * * LOW HITPOINT WARNING * * *
You feel drained.
* * * LOW HITPOINT WARNING * * *
The nagaraja constricts you.
* * * LOW HITPOINT WARNING * * *
Blink to where?
Press: ? - help, Dir - move target The nagaraja's grasp on you weakens, but your attempt to escape fails.
As you read the scroll of blinking, it crumbles to dust.
* * * LOW HITPOINT WARNING * * *
You feel extremely sick. You block the nagaraja's attack. x2
The nagaraja gestures at you while chanting.
The bolt of poison hits you!
You are more poisoned.
* * * LOW HITPOINT WARNING * * *
The nagaraja hits you but does no damage.
You feel drained. The nagaraja constricts you.
The naga warrior roars a battlecry!
The nagaraja goes into a battle-frenzy!
The nagaraja hits you from afar with a +0 halberd!!
You die...

#..#
#..
#..#
#.#
#..#
#.#
#..#
#.#
#..#
#..
#..#
#.#
#..#
#.#
#NN#
#.#
#@N#
#.#
##N###
#.#
#N≈.#
#.#
#S≈≈#
#.#


#SNNS.. #.# #S.SN.... #.≈§#.... #.≈.#.... ..### ... You could see 4 nagarajas, 3
naga warriors, an anaconda, 2 guardian serpents, a black mamba, a naga (strong)
and an adder.

Vanquished Creatures
  A golden dragon (Vaults:3)
  Arachne (Spider:3)
  Asterion (Elf:1)
  4 deep elf master archers (Elf:3)
  A lich (Vaults:3)
  6 deep elf blademasters
  A kraken (Shoals:2)
  Polyphemus (Shoals:3)
  Agnes (Spider:3)
  The ghost of Icepheonix32 the Warrior, an adept MiFi of Okawaru (Orc:2)
  3 sphinxes
  6 deep elf sorcerers (Elf:3)
  A fire giant (Depths:1)
  2 frost giants
  Louise (D:15)
  11 vault wardens
  An imperial myrmidon (Desolation)
  9 emperor scorpions
  5 ghost moths
  2 orc warlords
  Aizul (Spider:3)
  2 broodmothers
  11 ironbound preservers
  A stone giant (Depths:1)
  24 very ugly things
  The ghost of smilodon the Grappler, a journeyman TrFi of Zin (Orc:2)
  A war gargoyle (Vaults:4)
  9 ironbound thunderhulks
  A deep elf demonologist (Elf:1)
  8 deep elf annihilators
  Azrael (D:13)
  A spark wasp (Spider:4)
  18 dire elephants
  6 entropy weavers
  2 ettins
  5 deep elf death magi
  2 merfolk javelineers (Shoals:4)
  A deep elf high priest (Elf:3)
  Josephine (Lair:3)
  3 crystal guardians
  3 fire dragons
  7 ragged hierophants (Desolation)
  10 yaktaur captains
  7 merfolk impalers
  9 great orbs of eyes
  3 servants of whispers (Desolation)
  5 boulder beetles
  3 catoblepae
  3 ice dragons (Depths:1)
  7 vault guards
  A rakshasa (Depths:1)
  A quicksilver dragon skeleton (Vaults:2)
  Erica (Orc:1)
  7 merfolk aquamancers
  3 anacondas (Depths:1)
  3 alligator snapping turtles
  5 hydras
  4 ogre magi (Orc:2)
  A radroach (Spider:3)
  2 jorogumos (Spider:4)
  8 peacekeepers
  3 two-headed ogres
  8 ironbound frosthearts
  5 merfolk avatars
  3 centaur warriors
  3 tengu warriors
  19 dancing weapons
  19 death yaks
  A naga warrior (Depths:1)
  4 alligators (Shoals:1)
  A satyr (Shoals:4)
  2 orc high priests (Vaults:4)
  3 thrashing horrors (Lair:5)
  13 deep elf knights
  Nergalle (Orc:2)
  8 skeletal warriors (Vaults:2)
  A goliath frog (Shoals:1)
  6 pharaoh ants
  16 sea snakes
  2 flayed ghosts
  5 orb spiders
  8 steelbarb worms
  4 sun moths
  A tengu zombie (Vaults:3)
  32 deep trolls
  8 wizards
  14 deep elf archers
  An orange crystal statue (Vaults:1)
  9 ironbound convokers
  3 necromancers
  14 orc knights
  29 deep elf pyromancers
  A phantasmal warrior (Vaults:4)
  8 lindwurms
  13 harpies
  22 manticores
  A faun (Shoals:2)
  A cyclops (shapeshifter) (Vaults:3)
  22 deep elf zephyrmancers
  A tengu skeleton (Vaults:4)
  15 wolf spiders
  32 ugly things
  4 cyclopes
  7 orc sorcerers
  3 moths of wrath
  11 merfolk sirens
  17 vault sentinels
  8 black mambas
  An elf zombie (Vaults:3)
  6 elephants (Lair:3)
  5 guardian serpents
  Joseph (D:8)
  A torpor snail (Spider:4)
  6 water nymphs
  2 molten gargoyles
  A fire giant skeleton (Vaults:4)
  An ice statue (IceCv)
  A smoke demon (Lair:5)
  12 cane toads
  3 gargoyles
  6 rime drakes
  An unseen horror (shapeshifter) (Lair:5)
  11 demonic crawlers
  Maggie (D:6)
  3 efreet
  7 komodo dragons
  33 yaktaurs
  3 tengu conjurers
  2 ancient zymes (Lair:5)
  2 yaktaur skeletons (Vaults:2)
  30 merfolk
  A queen bee (Lair:5)
  5 trolls
  27 tarantellas
  2 hornets
  11 polar bears
  3 meliai (Lair:5)
  5 wind drakes
  43 saltlings (Desolation)
  17 blink frogs (Lair:5)
  13 snapping turtles
  23 slime creatures
  17 dream sheep
  A stone giant simulacrum (Vaults:3)
  3 ettin skeletons (Vaults:2)
  10 small abominations (Lair:5)
  24 culicivoras
  21 jumping spiders
  4 air elementals
  A large abomination (Lair:5)
  4 spriggans
  Sigmund (D:6)
  A shadow (D:11)
  2 ynoxinuls (Lair:5)
  21 water elementals
  3 wyverns
  3 vampires
  42 yaks
  A hog (shapeshifter) (D:14)
  4 wraiths
  8 fire elementals
  8 basilisks
  Eustachio (D:5)
  A steam dragon (D:8)
  7 vampire mosquitoes
  2 chaos spawn (Lair:5)
  61 redbacks
  2 elf skeletons
  2 wargs (Orc:2)
  2 hell hounds (D:13)
  2 acid dragons
  A warg (shapeshifter) (Lair:5)
  14 water moccasins
  37 orc warriors
  3 black bears
  2 ice beasts
  5 boggarts (Vaults:3)
  19 wolves
  10 ogres
  A centaur (D:8)
  3 human skeletons (Vaults:2)
  2 phantoms
  4 kobold brigands
  12 bullfrogs
  5 gnoll sergeants (D:11)
  2 scorpions
  3 earth elementals
  3 necrophages
  17 wights
  2 elephant simulacra (Lair:1)
  37 killer bees
  3 howler monkeys (D:13)
  4 electric eels
  A crimson imp (D:9)
  4 jellies
  2 hounds
  20 orc priests
  4 iguanas
  Ijyb (D:4)
  56 orc wizards
  4 hell rats (D:11)
  A polar bear simulacrum (Lair:1)
  10 gnolls
  9 adders
  A river rat (D:11)
  A shadow imp (D:7)
  2 white imps
  An ufetubus (D:6)
  2 worms
  2 dart slugs (D:2)
  88 orcs
  5 bats
  22 endoplasms
  5 giant cockroaches
  9 goblins
  7 hobgoblins
  3 quokkas
  11 ball pythons
  3 frilled lizards
  8 kobolds
  5 rats
  3 pillars of salt (Vaults:2)
  2 tentacles (Shoals:2)
1692 creatures vanquished.

Vanquished Creatures (others)
  A deep elf master archer (Elf:3)
  A deep elf sorcerer (Elf:3)
  2 vault guards (Vaults:4)
  A peacekeeper (Desolation)
  A dancing weapon (Elf:2)
  A deep troll (Vaults:4)
  A deep elf pyromancer (Elf:3)
  A harpy (Vaults:3)
  An ugly thing (Vaults:4)
  3 deep elf zephyrmancers
  A vault sentinel (Vaults:4)
  A rime drake (IceCv)
  A yaktaur (Vaults:4)
  A merfolk (Shoals:2)
  2 tarantellas (Spider:4)
  2 jumping spiders
  A yak (shapeshifter) (Elf:3)
  A redback (Spider:1)
  A wolf (Lair:4)
  A wight (D:8)
  A goblin (D:9)
  A kobold (D:8)
  A rat (D:11)
  A fire vortex (Lair:3)
  30 fungi
  6 pillars of salt (Vaults:2)
  159 plants
  4 tentacles (Shoals:2)
  2 withered plants (Desolation)
230 creatures vanquished.

Grand Total: 1922 creatures vanquished

Notes
Turn   | Place    | Note
-------+----------+-------------------------------------------
     0 | D:1      | Leon the Minotaur Fighter began the quest for the Orb.
     0 | D:1      | Reached XP level 1. HP: 19/19 MP: 0/0
    61 | D:1      | Reached skill level 3 in Axes
   172 | D:1      | Reached XP level 2. HP: 26/26 MP: 1/1
   381 | D:1      | Found a faded altar of an unknown god.
   436 | D:1      | Reached skill level 4 in Axes
   575 | D:1      | You fall into a shaft and drop 1 floor!
   585 | D:2      | Reached XP level 3. HP: 31/31 MP: 2/2
  1050 | D:1      | Reached skill level 5 in Axes
  1406 | D:3      | Reached XP level 4. HP: 39/39 MP: 3/3
  1453 | D:3      | Found a sacrificial altar of Ru.
  1461 | D:3      | Reached skill level 6 in Axes
  1517 | D:3      | HP: 15/39 [orc wizard/magic dart (8)]
  1783 | D:3      | Reached XP level 5. HP: 39/45 MP: 4/4
  1907 | D:3      | Became a worshipper of Ru the Awakened
  2210 | D:3      | Reached skill level 7 in Axes
  3006 | D:4      | Reached XP level 6. HP: 36/51 MP: 5/5
  3344 | D:4      | HP: 25/51 [gnoll/+2 vorpal flail (7)]
  3345 | D:4      | Reached skill level 8 in Axes
  3601 | D:4      | Gained mutation: Your magical capacity is low. (-10% MP)
                  | [Ru sacrifice]
  3715 | D:5      | Entered Level 5 of the Dungeon
  4219 | D:5      | Reached skill level 9 in Axes
  4401 | D:5      | Reached XP level 7. HP: 57/57 MP: 5/5
  4450 | D:5      | Noticed Eustachio
  4452 | D:5      | Noticed Ijyb
  4469 | D:4      | Killed Ijyb
  4606 | D:5      | Killed Eustachio
  4607 | D:5      | Reached skill level 10 in Axes
  4974 | D:6      | Noticed Maggie
  5099 | D:6      | Reached skill level 11 in Axes
  5117 | D:6      | Reached XP level 8. HP: 64/64 MP: 6/6
  5193 | D:6      | Killed Maggie
  5194 | D:6      | Reached skill level 12 in Axes
  5246 | D:6      | Noticed Sigmund
  5275 | D:6      | Killed Sigmund
  5433 | D:6      | Found Ydoro's Antique Armour Emporium.
  5624 | D:7      | Noticed a hornet
  5631 | D:7      | Killed a hornet
  5632 | D:7      | Reached skill level 4 in Fighting
  5632 | D:7      | Reached skill level 1 in Throwing
  5632 | D:7      | Reached skill level 4 in Armour
  5632 | D:7      | Reached skill level 1 in Dodging
  5632 | D:7      | Reached skill level 4 in Shields
  5697 | D:7      | Reached skill level 13 in Axes
  5781 | D:7      | Found a staircase to the Ecumenical Temple.
  6003 | D:7      | Identified the +7 quarterstaff of Upheaval {elec, rElec}
  6042 | D:7      | Gained mutation: You cannot study or cast Earth magic. [Ru
                  | sacrifice]
  6042 | D:7      | Gained mutation: You cannot study or cast Transmutations
                  | magic. [Ru sacrifice]
  6042 | D:7      | Gained mutation: You cannot study or cast Necromancy magic.
                  | [Ru sacrifice]
  6042 | D:7      | Reached * piety under Ru
  6046 | D:7      | Noticed an oklob plant
  6055 | D:7      | Reached XP level 9. HP: 63/71 MP: 7/7
  6340 | D:7      | Reached skill level 2 in Throwing
  6340 | D:7      | Reached skill level 2 in Dodging
  6577 | D:7      | Found Zebog's Distillery.
  6825 | D:8      | Noticed Joseph
  6859 | D:8      | Killed Joseph
  6860 | D:8      | Reached skill level 5 in Fighting
  6860 | D:8      | Reached skill level 5 in Armour
  6860 | D:8      | Reached skill level 5 in Shields
  7093 | D:8      | Reached skill level 3 in Dodging
  7302 | D:8      | Reached skill level 3 in Throwing
  7654 | D:8      | Reached skill level 4 in Dodging
  7769 | D:8      | Reached XP level 10. HP: 65/83 MP: 8/8
  8103 | D:9      | Reached skill level 6 in Armour
  8107 | D:9      | Reached skill level 6 in Shields
  8116 | D:9      | Reached skill level 6 in Fighting
  8262 | D:9      | Noticed a two-headed ogre
  8274 | D:9      | Killed a two-headed ogre
  8275 | D:9      | Reached skill level 4 in Throwing
  8288 | D:9      | Found a flagged portal.
  8314 | Bailey   | Entered a bailey
  8316 | Bailey   | Gained mutation: You cannot study or use magical devices.
                  | [Ru sacrifice]
  8316 | Bailey   | Reached ** piety under Ru
  8316 | Bailey   | Reached *** piety under Ru
  8537 | Bailey   | Found a large runed translucent door.
  8537 | Bailey   | Found a large runed translucent door.
  8537 | Bailey   | Noticed an orc knight
  8557 | Bailey   | HP: 34/84 [orc knight/+0 bardiche (13)]
  8562 | Bailey   | Killed an orc knight
  8562 | Bailey   | HP: 32/80 [orc warrior/+0 halberd (7)]
  8563 | Bailey   | Reached skill level 5 in Dodging
  9187 | D:10     | Entered Level 10 of the Dungeon
  9222 | D:10     | Reached skill level 14 in Axes
  9338 | D:10     | Reached skill level 7 in Armour
  9342 | D:10     | Reached skill level 7 in Shields
  9354 | D:10     | Reached skill level 7 in Fighting
  9441 | D:10     | Reached skill level 5 in Throwing
  9821 | D:10     | Found a white marble altar of Elyvilon.
  9886 | D:10     | Found a basalt altar of Yredelemnul.
  9955 | D:10     | Noticed a two-headed ogre
  9960 | D:10     | Killed a two-headed ogre
  9961 | D:10     | Reached XP level 11. HP: 92/92 MP: 8/8
 10006 | D:10     | Reached skill level 6 in Dodging
 10390 | D:10     | Found a glowing silver altar of Zin.
 10449 | D:11     | Found a staircase to the Orcish Mines.
 10589 | D:11     | HP: 45/94 [gnoll sergeant/+1 spear of venom (9)]
 10594 | D:10     | HP: 35/94 [poisoned by a gnoll sergeant]
 10852 | D:11     | Reached skill level 8 in Armour
 10990 | D:11     | Reached skill level 8 in Shields
 11024 | D:11     | HP: 47/94 [kobold brigand/+0 club (3)]
 11029 | D:11     | HP: 47/94 [kobold brigand/+0 club (1)]
 11032 | D:11     | Reached skill level 8 in Fighting
 11271 | D:11     | Noticed a five-headed hydra
 11275 | D:11     | Noticed a death yak
 11282 | D:11     | Killed a five-headed hydra
 11283 | D:11     | Reached skill level 6 in Throwing
 11317 | D:11     | Noticed a death yak
 11320 | D:11     | Noticed a death yak
 11324 | D:11     | Identified the +2 leather armour of Free Expression {+Inv
                  | Slay+5}
 11361 | D:10     | HP: 46/94 [death yak (15)]
 11367 | D:10     | Killed a death yak
 11845 | D:11     | Found a staircase to the Lair.
 12459 | D:11     | Killed a death yak
 12460 | D:11     | Reached skill level 7 in Dodging
 12476 | D:11     | Killed a death yak
 12720 | D:12     | Noticed a deep elf pyromancer
 12747 | D:12     | Killed a deep elf pyromancer
 12748 | D:12     | Reached skill level 9 in Armour
 13252 | D:12     | Reached XP level 12. HP: 103/103 MP: 9/9
 13457 | D:12     | Reached skill level 9 in Fighting
 13463 | D:12     | Reached skill level 9 in Shields
 13538 | D:12     | Reached skill level 15 in Axes
 14093 | D:13     | Noticed a centaur warrior
 14103 | D:13     | Killed a centaur warrior
 14175 | D:13     | Found Boilojipte's Weapon Emporium.
 14176 | D:13     | Noticed a centaur warrior
 14195 | D:13     | Killed a centaur warrior
 14196 | D:13     | Reached skill level 7 in Throwing
 14469 | D:13     | Noticed a four-headed hydra
 14477 | D:13     | Killed a four-headed hydra
 14478 | D:13     | Reached skill level 8 in Dodging
 14602 | D:13     | Noticed Azrael
 14660 | Lair:1   | Entered Level 1 of the Lair of Beasts
 14931 | Lair:1   | Found a frozen archway.
 14947 | IceCv    | Entered an ice cave
 14994 | IceCv    | Noticed a death yak
 14994 | IceCv    | Noticed a death yak
 15011 | IceCv    | HP: 48/106 [death yak (14)]
 15019 | IceCv    | HP: 49/102 [death yak (6)]
 15022 | IceCv    | Killed a death yak
 15023 | IceCv    | Reached skill level 10 in Armour
 15023 | IceCv    | Killed a death yak
 15345 | IceCv    | Noticed a death yak
 15367 | IceCv    | Killed a death yak
 15422 | IceCv    | Noticed a death yak
 15436 | IceCv    | Noticed a death yak
 15440 | IceCv    | Killed a death yak
 15441 | IceCv    | Reached skill level 10 in Fighting
 15441 | IceCv    | Reached skill level 10 in Shields
 15448 | IceCv    | Killed a death yak
 16053 | IceCv    | Noticed a death yak
 16055 | IceCv    | Noticed a death yak
 16058 | IceCv    | Noticed a death yak
 16071 | IceCv    | Killed a death yak
 16072 | IceCv    | Reached skill level 8 in Throwing
 16080 | IceCv    | Killed a death yak
 16081 | IceCv    | Reached XP level 13. HP: 86/113 MP: 10/10
 16093 | IceCv    | Reached skill level 9 in Dodging
 16222 | IceCv    | Noticed a frost giant
 16251 | IceCv    | HP: 45/114 [frost giant/bolt of cold (20)]
 16256 | IceCv    | Killed a frost giant
 16263 | IceCv    | HP: 26/114 [death yak (21)]
 17165 | Lair:1   | You fall into a shaft and drop 1 floor!
 17481 | Lair:2   | Reached skill level 11 in Armour
 17496 | Lair:2   | Found a staircase to the Shoals.
 17629 | Lair:2   | Reached skill level 16 in Axes
 17802 | Lair:2   | Identified the +1 robe of the Black Skies {rPois}
 18202 | Lair:3   | Reached skill level 11 in Fighting
 18202 | Lair:3   | Reached skill level 11 in Shields
 18206 | Lair:3   | HP: 44/116 [polar bear (18)]
 18503 | Lair:3   | Noticed Josephine
 18510 | Lair:3   | Killed Josephine
 18713 | Lair:3   | Reached skill level 9 in Throwing
 18720 | Lair:3   | Reached skill level 10 in Dodging
 19593 | Lair:3   | Found a hole to the Spider Nest.
 19828 | Spider:1 | Entered Level 1 of the Spider Nest
 19939 | Spider:1 | Reached XP level 14. HP: 90/125 MP: 11/11
 19956 | Spider:1 | HP: 55/125 [disintegration (32)]
 19974 | Spider:1 | Noticed a broodmother
 20245 | Spider:1 | Killed a broodmother
 20246 | Spider:1 | Reached skill level 12 in Armour
 20453 | Spider:1 | Found a transporter.
 20706 | Spider:1 | Reached skill level 12 in Shields
 20905 | Spider:1 | Reached skill level 12 in Fighting
 21056 | Spider:1 | Found a transporter.
 21059 | Spider:1 | Noticed Icepheonix32's ghost (adept MiFi)
 21059 | Spider:1 | Noticed groovy9's ghost (adept FoHu)
 21694 | Spider:2 | Noticed an emperor scorpion
 21714 | Spider:2 | Killed an emperor scorpion
 21799 | Spider:2 | Reached skill level 10 in Throwing
 21817 | Spider:2 | Reached skill level 11 in Dodging
 21833 | Spider:2 | HP: 34/127 [disintegration (39)]
 22129 | Spider:2 | Identified the +6 dagger of the Burning Madman {drain,
                  | Str+2}
 22267 | Spider:2 | HP: 51/127 [something (13)]
 22271 | Spider:2 | Killed a ghost moth
 22786 | Spider:2 | Noticed an emperor scorpion
 23249 | Spider:2 | Reached skill level 13 in Armour
 23264 | Spider:2 | Noticed a broodmother
 23288 | Spider:2 | Killed a broodmother
 23575 | Spider:2 | Killed an emperor scorpion
 24059 | Spider:3 | Noticed Agnes
 24059 | Spider:3 | Noticed Arachne
 24071 | Spider:3 | Killed Agnes
 24072 | Spider:3 | Reached skill level 13 in Shields
 24256 | Spider:3 | Noticed Aizul
 24416 | Lair:4   | Reached skill level 13 in Fighting
 24721 | Lair:4   | Reached XP level 15. HP: 93/135 MP: 12/12
 25280 | Lair:4   | Found a viscous altar of Jiyva.
 25290 | Lair:4   | Found a staircase to the Slime Pits.
 25516 | Lair:5   | Entered Level 5 of the Lair of Beasts
 25702 | Lair:5   | Reached skill level 12 in Dodging
 25904 | Lair:5   | Reached skill level 11 in Throwing
 26508 | Lair:5   | Found a corrupted altar of Lugonu.
 26508 | Lair:5   | Found a one-way gate to the infinite horrors of the Abyss.
 27032 | Lair:5   | Reached skill level 14 in Armour
 27067 | Lair:5   | Got the Spellbook of the Sailor
 27648 | Orc:1    | Entered Level 1 of the Orcish Mines
 27808 | Orc:1    | Reached skill level 14 in Shields
 27811 | Orc:1    | Noticed Erica
 27819 | Orc:1    | Killed Erica
 28004 | Orc:1    | Found Hater's Assorted Antiques.
 28059 | Orc:1    | Paralysed by an orc sorcerer for 4 turns
 28355 | Orc:2    | Entered Level 2 of the Orcish Mines
 28368 | Orc:2    | Reached skill level 14 in Fighting
 28702 | Orc:2    | Found a staircase to the Elven Halls.
 28972 | Orc:2    | Found a runed translucent gate.
 28972 | Orc:2    | Found a runed translucent gate.
 28972 | Orc:2    | Found a runed translucent gate.
 28972 | Orc:2    | Noticed smilodon's ghost (journeyman TrFi)
 28973 | Orc:2    | Noticed Icepheonix32's ghost (adept MiFi)
 29066 | Orc:2    | Found Yppufoe's CLEARANCE SALE!.
 29228 | Orc:2    | Found Hyedghye's Magic Scroll Emporium.
 29255 | Orc:2    | Found a radiant altar of Vehumet.
 29271 | Orc:2    | Paralysed by an orc sorcerer for 4 turns
 29407 | Orc:2    | Found Exzuocradiemm's Jewellery Shoppe.
 29419 | Orc:2    | Noticed Nergalle
 29422 | Orc:2    | Found an ancient bone altar of Kikubaaqudgha.
 29428 | Orc:2    | Killed Nergalle
 29561 | Orc:2    | Found Zaeloq's Antique Armour Shoppe.
 29579 | Orc:2    | Found Weominai's Book Emporium.
 29912 | Orc:1    | Bought a dazzling plate armour for 868 gold pieces
 29912 | Orc:1    | Identified the +1 plate armour of Foolhardiness {+Inv rElec
                  | Str+5 Int-4} (You bought it in a shop on level 1 of the
                  | Orcish Mines)
 29913 | Orc:1    | Identified a scroll of acquirement
 29915 | Orc:1    | Acquired 1251 gold pieces
 29979 | Orc:2    | Bought a scroll of blinking for 135 gold pieces
 29979 | Orc:2    | Bought a scroll of teleportation for 54 gold pieces
 30009 | Orc:2    | Bought a scorched scale mail for 252 gold pieces
 30009 | Orc:2    | Identified the +4 scale mail "Vuoq" {Will+} (You bought it
                  | in a shop on level 2 of the Orcish Mines)
 30319 | D:13     | Reached skill level 17 in Axes
 31099 | D:14     | Found a broken altar of Ashenzari.
 31161 | D:14     | HP: 65/138 [??? (63)]
 31397 | D:14     | Found a gate to the Vaults.
 31482 | D:13     | Reached XP level 16. HP: 146/146 MP: 13/13
 32135 | D:15     | Entered Level 15 of the Dungeon
 32139 | D:15     | Noticed Louise
 32340 | Spider:3 | HP: 68/146 [Aizul/poison arrow (26)]
 32343 | Spider:2 | HP: 29/146 [poisoned by Aizul (poison arrow)]
 32348 | Spider:2 | HP: 16/146 [poisoned by Aizul (poison arrow)]
 32353 | Spider:2 | HP: 13/146 [poisoned by Aizul (poison arrow)]
 32759 | Spider:3 | Killed Aizul
 32984 | Spider:3 | HP: 73/146 [something (6)]
 33345 | Orc:2    | Killed smilodon's ghost
 33346 | Orc:2    | Reached skill level 18 in Axes
 33408 | Orc:2    | Bought a ring of see invisible for 240 gold pieces
 33855 | Spider:3 | HP: 66/146 [Arachne/staff of poison (20)]
 34602 | Spider:3 | Killed Arachne
 34887 | Spider:3 | Identified the +3 long sword of the End {flame, Contam
                  | rElec rF+ Str+6}
 35112 | Spider:4 | Entered Level 4 of the Spider Nest
 35385 | Spider:4 | Reached skill level 13 in Dodging
 35726 | Spider:4 | Reached skill level 12 in Throwing
 36805 | Spider:4 | Reached skill level 15 in Armour
 37129 | Spider:4 | Reached skill level 15 in Fighting
 37129 | Spider:4 | Reached skill level 15 in Shields
 37185 | Spider:4 | HP: 48/149 [disintegration (50)]
 37954 | Spider:4 | Got a gossamer rune of Zot
 37963 | Spider:4 | Identified the +0 pair of boots of Somoquon {-Tele rF++
                  | Dex+4}
 38152 | Shoals:1 | Entered Level 1 of the Shoals
 38390 | Shoals:1 | Found a runed translucent door.
 38391 | Shoals:1 | Noticed Iamsock's ghost (journeyman GnWn)
 38610 | Shoals:1 | You are sucked into a shaft and drop 1 floor!
 38688 | Shoals:2 | Reached XP level 17. HP: 135/156 MP: 14/14
 38845 | Shoals:2 | HP: 69/156 [water nymph/the raging water (33)]
 38853 | Shoals:2 | HP: 54/156 [water nymph/the raging water (17)]
 38858 | Shoals:2 | HP: 69/149 [water nymph/the raging water (6)]
 38970 | Shoals:2 | HP: 75/150 [poisoned by a merfolk (curare-tipped dart)]
 38975 | Shoals:2 | HP: 55/150 [poisoned by a merfolk (curare-tipped dart)]
 39361 | Shoals:2 | Found a runed translucent door.
 40096 | Shoals:1 | Reached skill level 14 in Dodging
 40846 | Shoals:2 | HP: 63/157 [merfolk aquamancer/+0 rapier of electrocution
                  | (18)]
 41282 | Shoals:2 | Noticed a kraken
 41293 | Shoals:2 | Killed a kraken
 41294 | Shoals:2 | Reached skill level 13 in Throwing
 41447 | Shoals:2 | HP: 75/157 [merfolk impaler/+0 trident of venom (11)]
 41454 | Shoals:2 | HP: 75/153 [poisoned by a merfolk impaler]
 41916 | Shoals:2 | Noticed Cedruin's ghost (adept DrAr)
 41982 | Shoals:3 | Noticed Polyphemus
 42012 | Shoals:3 | Killed Polyphemus
 42110 | Shoals:3 | Reached skill level 16 in Armour
 42477 | Shoals:3 | Reached skill level 16 in Fighting
 42516 | Shoals:3 | Reached skill level 16 in Shields
 42903 | Shoals:4 | Entered Level 4 of the Shoals
 43805 | Shoals:4 | HP: 77/158 [drowned by a drowned soul[a merfolk avatar]
                  | (13)]
 43811 | Shoals:4 | HP: 73/158 [poisoned by a sea snake]
 44215 | Shoals:4 | HP: 58/158 [alligator snapping turtle (27)]
 44218 | Shoals:4 | HP: 20/151 [satyr/arrow (13)]
 44622 | Shoals:4 | Identified the ring "Lamoimm" {Ice Will++ SInv}
 44961 | Shoals:4 | Identified the +0 robe of the Robin {rN+ Str+5 Slay+3}
 45110 | Shoals:4 | Got a barnacled rune of Zot
 45480 | Shoals:4 | Reached XP level 18. HP: 161/168 MP: 15/15
 45838 | D:13     | Killed Azrael
 45890 | Vaults:1 | Entered Level 1 of the Vaults
 46369 | Vaults:1 | Reached skill level 15 in Dodging
 46391 | Vaults:1 | HP: 84/168 [dire elephant (2)]
 47602 | Vaults:2 | Reached skill level 14 in Throwing
 47605 | Vaults:2 | Found a crumbling gateway.
 47614 | Desolati | Entered the Desolation of Salt
 47849 | Desolati | Reached skill level 17 in Armour
 48173 | Desolati | Got Sif Muna's Atlas of Imprecation
 48189 | Desolati | Reached skill level 17 in Fighting
 48216 | Desolati | Reached skill level 17 in Shields
 48216 | Desolati | HP: 126/253 [poisoned by a guardian serpent (bolt of
                  | poison)]
 48221 | Desolati | HP: 124/253 [poisoned by a guardian serpent (bolt of
                  | poison)]
 48483 | Desolati | Identified the amulet of Veofi {Spirit rElec Will+}
 48514 | Desolati | Identified the +9 quarterstaff of Camesch {protect, rC+}
 48959 | Desolati | Got the Essays on Malignant Magic and the Gathering
 50517 | Vaults:2 | Reached XP level 19. HP: 121/177 MP: 11/16
 50521 | Vaults:2 | Reached skill level 16 in Dodging
 50792 | Vaults:2 | HP: 89/178 [lindwurm/blast of flame (4)]
 51145 | Vaults:2 | HP: 89/178 [orc warlord/+0 dire flail (17)]
 52089 | Vaults:2 | HP: 86/179 [skeletal warrior/+0 trident (6)]
 52334 | Vaults:2 | Found a staircase to the Crypt.
 52544 | Vaults:3 | HP: 84/179 [dire elephant (6)]
 52560 | Vaults:2 | HP: 47/179 [dire elephant (16)]
 52585 | Vaults:2 | HP: 36/179 [purple ugly thing (8)]
 52965 | Vaults:3 | Reached skill level 18 in Armour
 53017 | Vaults:3 | Reached skill level 15 in Throwing
 53116 | Vaults:3 | Identified the +1 broad axe "Boerph Cuosath" {vorpal, rC+
                  | rN+ Will+}
 53142 | Vaults:3 | Reached skill level 18 in Fighting
 53506 | Vaults:3 | Reached skill level 18 in Shields
 53677 | Vaults:3 | Found Ofudeceidd's Weapon Emporium.
 53963 | Vaults:3 | Noticed a golden dragon
 53984 | Vaults:3 | HP: 86/173 [golden dragon (13)]
 53989 | Vaults:3 | HP: 66/259 [golden dragon (16)]
 53995 | Vaults:3 | Killed a golden dragon
 54877 | Vaults:3 | Found a runed translucent gate.
 54877 | Vaults:3 | Found a runed translucent gate.
 54877 | Vaults:3 | Found a runed translucent gate.
 54884 | Vaults:3 | Noticed bakla's ghost (veteran KoBr)
 55532 | Vaults:3 | Reached skill level 17 in Dodging
 55542 | Vaults:3 | Reached XP level 20. HP: 189/189 MP: 17/17
 55593 | Vaults:3 | HP: 94/189 [poisoned by a green very ugly thing]
 55598 | Vaults:3 | HP: 82/189 [poisoned by a green very ugly thing]
 55603 | Vaults:3 | HP: 79/189 [poisoned by a green very ugly thing]
 55984 | Vaults:3 | Leon: holy shit lol
 55984 | Vaults:3 | Leon: you see that EV
 55984 | Vaults:3 | Leon: that man was not getting touched
 55984 | Vaults:3 | Leon: and somehow died
 55984 | Vaults:3 | Leon: 98% chance to dodge my attack
 56251 | Vaults:4 | Gained mutation: You are hated by all. [Ru sacrifice]
 56251 | Vaults:4 | Reached **** piety under Ru
 56567 | Vaults:4 | Reached skill level 19 in Armour
 56621 | Vaults:4 | Found Jousekhe's Book Emporium.
 56868 | Vaults:4 | Reached skill level 19 in Fighting
 56887 | Vaults:4 | HP: 86/191 [vault warden/+0 great mace (29)]
 56899 | Vaults:4 | HP: 77/191 [yaktaur/bolt[a vault warden] (14)]
 57477 | Vaults:4 | Reached skill level 19 in Shields
 57619 | Vaults:4 | Reached skill level 16 in Throwing
 59649 | Orc:2    | HP: 78/191 [Icepheonix32's ghost (23)]
 59656 | Orc:2    | Killed Icepheonix32's ghost
 59661 | Elf:1    | Entered Level 1 of the Elven Halls
 59868 | Elf:1    | Noticed Asterion
 59981 | Elf:1    | Killed Asterion
 60114 | Elf:1    | Found Benlit's Armour Shop.
 60116 | Elf:1    | Found Ewatumm's Assorted Antiques.
 60118 | Elf:1    | Found Peez's Distillery.
 60123 | Elf:1    | Paralysed by an air elemental for 1 turns
 60162 | Elf:1    | Bought a scarf of resistance for 384 gold pieces
 60623 | Elf:1    | Found Ececleho's Weapon Shop.
 60934 | Elf:1    | Got the Octavo of Blasting
 60970 | Elf:1    | Reached skill level 18 in Dodging
 61345 | Elf:2    | Reached XP level 21. HP: 200/200 MP: 17/17
 61585 | Elf:2    | Found a runed translucent gate.
 61596 | Elf:2    | Found a runed translucent gate.
 61597 | Elf:2    | Found a runed translucent gate.
 61631 | Elf:2    | Found Voalux's Book Emporium.
 62470 | Elf:2    | Reached skill level 20 in Armour
 62692 | Elf:3    | Entered Level 3 of the Elven Halls
 62720 | Elf:3    | Reached skill level 20 in Fighting
 62724 | Elf:3    | Found Vusaidag's Antique Armour Shoppe.
 62736 | Elf:3    | Found Jyurial's Jewellery Boutique.
 62736 | Elf:3    | Found Labrushre's Book Emporium.
 62737 | Elf:3    | Found Oddi's Jewellery Boutique.
 62747 | Elf:3    | Leon: hooole E ring
 62774 | Elf:3    | Found a flickering gateway to a bazaar.
 62785 | Bazaar   | Entered a bazaar
 62785 | Bazaar   | Found Faur's Jewellery Emporium.
 62797 | Bazaar   | Found Jat Soss's Antique Weapon Boutique.
 62808 | Bazaar   | Found Cijoon's Magic Scroll Emporium.
 62816 | Bazaar   | Bought a scroll of blinking for 135 gold pieces
 62816 | Bazaar   | Bought a scroll of teleportation for 54 gold pieces
 62816 | Bazaar   | Bought a scroll of enchant armour for 135 gold pieces
 62816 | Bazaar   | Bought a scroll of enchant armour for 135 gold pieces
 62819 | Bazaar   | Found Melaak's General Store.
 62827 | Bazaar   | Found Wapt's Antique Armour Shop.
 62838 | Bazaar   | Leon: do i buy the rift
 62849 | Bazaar   | Bought the +8 demon trident "Rift" {distort, reach+} for
                  | 929 gold pieces
 62849 | Bazaar   | Found the +8 demon trident "Rift" {distort, reach+}
 62906 | Elf:3    | Reached skill level 20 in Shields
 62937 | Elf:3    | Bought the ring of Berefomaxo {rElec rF++ Will+ Dex+8
                  | Stlth-} for 719 gold pieces
 63211 | Elf:3    | Found Bynliusi's Book Shop.
 63287 | Elf:2    | Reached skill level 17 in Throwing
 63331 | Elf:3    | CougarLife: i didnt see it
 63346 | Elf:3    | Leon: i bought it anyways
 63346 | Elf:3    | Leon: could be huge in zot
 63346 | Elf:3    | CougarLife: oh shit
 63346 | Elf:3    | CougarLife: how many tiles can that reach
 63346 | Elf:3    | Leon: 3
 63365 | Elf:3    | CougarLife: nice
 63756 | Elf:3    | Leon: oh also
 63756 | Elf:3    | Leon: this ring
 63756 | Elf:3    | CougarLife: which ring
 63756 | Elf:3    | CougarLife: the will ring?
 63756 | Elf:3    | Leon: relect rf++ wil+
 63756 | Elf:3    | Leon: dex+8
 63756 | Elf:3    | CougarLife: nice
 63756 | Elf:3    | Leon: one of the most insane rings ive ever seen
 63766 | Elf:3    | CougarLife: oh ur playing a mifi
 63777 | Elf:3    | CougarLife: or not fighter
 63786 | Elf:3    | CougarLife: but a minotaur
 63802 | Elf:3    | Leon: yeah mifi
 63804 | Elf:3    | CougarLife: really wanted that win eh?
 63809 | Elf:3    | Leon: yes
 63809 | Elf:3    | Leon: but also
 63809 | Elf:3    | Leon: just going down the list
 63809 | Elf:3    | Leon: gonna try to 1and1 each background and race
 63924 | Elf:3    | Found the +12 pair of quick blades "Gyre" and "Gimble"
                  | {protect}
 63933 | Elf:3    | Leon: oh my
 63933 | Elf:3    | Leon: pretty sick but rip
 64026 | Elf:3    | Reached skill level 19 in Dodging
 64255 | Elf:3    | Identified the +9 lajatang of the Battered Beds {holy,
                  | Dex+3}
 64274 | Elf:3    | Identified the amulet "Kaphair" {Reflect Str+4 SH+5}
 64309 | Elf:3    | Identified the +3 short sword of Buyzixta {drain, *Rage rF+
                  | rCorr Str+8}
 64430 | Elf:3    | Identified the amulet of Qeutzad {Acrobat rC+}
 64436 | Elf:3    | Identified the +6 dire flail "Ucvij" {vamp, +Blink rPois
                  | rCorr Dex-5}
 64552 | Elf:3    | Found Roexkof's Distillery.
 64561 | Elf:3    | Bought a potion of heal wounds for 55 gold pieces
 64561 | Elf:3    | Bought a potion of heal wounds for 55 gold pieces
 64561 | Elf:3    | Bought a potion of haste for 110 gold pieces
 64561 | Elf:3    | Bought a potion of haste for 110 gold pieces
 64561 | Elf:3    | CougarLife: fuck
 64561 | Elf:3    | CougarLife: rupert is on my lair 5
 64561 | Elf:3    | Leon: shiiet
 64561 | Elf:3    | Leon: run
 64561 | Elf:3    | CougarLife: cant hes chasing
 64561 | Elf:3    | CougarLife: scared to run
 64561 | Elf:3    | CougarLife: i dont have blinks id'ed yet
 64561 | Elf:3    | CougarLife: will meph cloud work on him
 64561 | Elf:3    | Leon: it does work
 64561 | Elf:3    | Leon: on him
 64561 | Elf:3    | Leon: but not all the time
 64561 | Elf:3    | CougarLife: fuuuuuuck
 64561 | Elf:3    | CougarLife: prolly better chance than 10% that petrify has
                  | tho right?
 64907 | D:15     | Killed Louise
 65313 | D:15     | Found a staircase to the Depths.
 65404 | D:15     | Found a glowing silver altar of Zin.
 65404 | D:15     | Found a white marble altar of Elyvilon.
 65404 | D:15     | Found a glowing golden altar of the Shining One.
 66094 | Depths:1 | Entered Level 1 of the Depths
 66149 | Depths:1 | Noticed Caat Rau's ghost (adept DgCj)
 66189 | Depths:1 | Reached skill level 18 in Throwing
 66362 | Depths:1 | HP: 86/188 [nagaraja/bolt of poison (16)]
 66365 | Depths:1 | HP: 36/189 [nagaraja/+0 flail of draining (30)]
 66366 | Depths:1 | HP: 9/179 [nagaraja/bolt of poison (12)]
 66366 | Depths:1 | Demolished by a nagaraja

Illustrated notes

Levels and vault maps discovered:
D:1:      lightli_molten_gateway, layout_basic,
          ebering_ecumenical_altar_sacrificial
D:2:      layout_rooms, minmay_misc_feat_tower, hangedman_decor_peaks_small
D:3:      layout_basic, nicolae_ru_great_annihilating_truth,
          minmay_misc_feat_doors, kennysheep_generic_room_5
D:4:      layout_loops_ring
D:5:      layout_cave_pods, uniq_ijyb, uniq_eustachio
D:6:      layout_cave_pools, serial_shops, nicolae_stop_n_shop_1, uniq_sigmund,
          uniq_maggie
D:7:      lemuel_slime, layout_loops_corners, minmay_temple_entry_junction,
          serial_shops, nicolae_lakefront_shop
D:8:      layout_basic, uniq_joseph
D:9:      layout_rooms, enter_bailey_5, minmay_fire_ice_demons
D:10:     layout_roguey, kennysheep_ying_yang, zin_treasury
D:11:     layout_gridville, dpeg_lair_monsters,
          kennysheep_orc_monster_closet_entryway, kennysheep_generic_room_9
D:12:     layout_layer_cave
D:13:     layout_stronghold, serial_shops, nicolae_diamond_shop, uniq_azrael
D:14:     layout_long_grid, david_vaults_1, cheibrodos_ashenzari_chains
D:15:     grunt_enter_depths_hoard, layout_loops_corners, good_gods_mini_temple,
          chequers_big_river, uniq_louise
Lair:1:   layout_gridlike, portal_ice_cave_entry_ice_simulacra,
          lemuel_fruit_tree, grunt_megastairs_1
Lair:2:   layout_chaotic_city, minmay_shoals_entry_lonely_mermaid
Lair:3:   layout_gridlike, spider_nest_entry_funnel_web, st_stairs_4,
          cheibrodos_lair_lostbears, uniq_josephine
Lair:4:   layout_regular_city, dpeg_slime_entry_corner, wad_woods_02,
          serial_bayou_shore_a, lemuel_fruit_fields, grunt_megastairs_5
Lair:5:   hellmonk_lair_end_abyssal_woods, layout_layer_cave, special_room
          [special_room_bee]
Shoals:1: layout_shoals, ebering_ghost_reflecting_pool,
          nicolae_shoals_goliath_grotto
Shoals:2: cheibrodos_shoals_baths, layout_shoals, ebering_ghost_inner_flame,
          nicolae_shoals_water_shrine
Shoals:3: layout_shoals, uniq_polyphemus
Shoals:4: shoals_end_grunt_ice, layout_shoals
Spider:1: layout_chambers, nzn_ghost_randoct
Spider:2: layout_spider_delve, nicolae_spider_nooks_and_crannies
Spider:3: layout_spider_delve, uniq_aizul, uniq_arachne, uniq_agnes
Spider:4: grunt_spider_rune_circles
Orc:1:    layout_caves, serial_shops, shop, nicolae_orc_lava_tube, uniq_erica
Orc:2:    kennysheep_orc_mage_school, layout_diamond_mine,
          gammafunk_ghost_cemetery, basic_altar, nicolae_shop_clearance
Elf:1:    minmay_elf_arrival_summoners, layout_rooms, serial_shops,
          nicolae_shop_behind_doors, minmay_elf_annihilation,
          einodemon_crawler_minivault, grunt_megastairs_2, minmay_shop_star,
          uniq_asterion
Elf:2:    elven_hall_of_blades_hangedman_original
          [nicolae_blade_entry_diamond_columns], layout_gridlike, serial_shops,
          nicolae_lakefront_shop
Elf:3:    minmay_elf_hall, layout_loops_cross, serial_shops, bzr_entry_islet,
          nicolae_shop_hallway_stairs, shop, shop, nicolae_elf_archery_training,
          minmay_shop_grove
Vaults:1: hangedman_vaults_corner_blocks, nicolae_vaults_statue_guard,
          serial_ice_g, grunt_vaults_focal, vaults_dpeg_diagonal,
          layout_vaults_quadrants
Vaults:2: portal_desolation_entry_garden, minmay_crypt_entry_skeletal_spiral,
          nicolae_vaults_angled_halls, nicolae_vaults_bisected_slash,
          nicolae_vaults_ninety_degrees, nicolae_vaults_murderbox,
          nicolae_vaults_asterisk, v_misc_26, vaults_mumra_chevron, v_rooms_5,
          hangedman_vaults_nails, ontoclasm_vaults_spin, layout_vaults_omnicross
Vaults:3: gammafunk_ghost_necromancy, vaults_room_hallway,
          ontoclasm_vaults_idyll, v_misc_27, hangedman_vaults_cutoff,
          nicolae_vaults_what_the_h, nicolae_vaults_circle_grid_a,
          nicolae_vaults_fighting_squares, v_misc_18, ontoclasm_vaults_eye,
          hangedman_vaults_stitches, v_misc_24, layout_vaults_maze_bifur,
          serial_shops, shop
Vaults:4: hangedman_vaults_nails, hangedman_vaults_river_flow,
          hangedman_vaults_pinch, v_misc_15, hangedman_vaults_maws, v_rooms_1,
          v_misc_16, hangedman_vaults_capsules, vaults_mumra_chevron_long,
          special_room_vaults [special_room_orc], v_misc_23,
          ontoclasm_vaults_claustrophobia, layout_vaults_omnibox, serial_shops,
          shop
Depths:1: layout_cave_shapes, enter_ziggurat_f, gammafunk_ghost_split,
          abyss_entry_small_statue_room, nicolae_twisting_strands,
          hangedman_geh_valley, minivault_16, minmay_serpent_palace

Skill      XL: |  1  2  3  4  5  6  7  8  9 10 11 12 13 14 15 16 17 18 19 20 21 |
---------------+----------------------------------------------------------------+-----
Axes           | 3 4 5 6 7 9 11 13 14 15 16 17 18 | 18.0
Fighting       | 4 5 7 8 10 11 13 14 15 16 17 18 19 20 | 20.0
Throwing       | 1 3 5 6 8 9 10 11 12 13 14 15 16 18 | 18.1
Armour         | 4 5 7 9 10 11 13 14 15 16 17 18 19 20 | 20.0
Dodging        | 1 4 5 7 8 10 11 12 13 14 15 17 18 19 | 19.7
Shields        | 4 5 7 8 10 11 13 14 15 16 17 18 19 20 | 20.0

Action                   |  1- 3 |  4- 6 |  7- 9 | 10-12 | 13-15 | 16-18 | 19-21 || total
-------------------------+-------+-------+-------+-------+-------+-------+-------++-------
Melee: War axe           |    82 |   164 |   266 |   602 |    50 |       |       ||  1164
       Headbutt          |    11 |    23 |    45 |   133 |   291 |   455 |   496 ||  1454
       Morningstar       |       |       |       |     4 |     7 |       |       ||    11
       Broad axe         |       |       |       |       |  1158 |  1590 |  1738 ||  4486
Throw: Dart              |       |       |     6 |       |     2 |     9 |     9 ||    26
       Boomerang         |       |       |       |    12 |    49 |   144 |   114 ||   319
       Javelin           |       |       |       |     5 |     1 |     3 |    21 ||    30
Invok: Sacrifice Essence |       |     1 |       |       |       |       |       ||     1
       Sacrifice Arcana  |       |       |     1 |       |       |       |       ||     1
       Draw Out Power    |       |       |       |     2 |     3 |     5 |     3 ||    13
       Sacrifice Artific |       |       |       |     1 |       |       |       ||     1
       Reject Sacrifices |       |       |       |     1 |     2 |     2 |     1 ||     6
       Sacrifice Love    |       |       |       |       |       |       |     1 ||     1
Evoke: Wand              |       |       |     1 |     1 |       |       |       ||     2
  Use: Scroll            |       |       |    10 |     6 |    19 |    12 |    12 ||    59
       Potion            |       |       |       |       |     3 |     2 |     5 ||    10
 Stab: Paralysed         |       |     1 |     3 |     3 |       |       |       ||     7
       Invisible         |       |       |       |     2 |     4 |     2 |     3 ||    11
       Distracted        |       |       |       |     2 |     5 |     8 |    10 ||    25
       Petrified         |       |       |       |       |     2 |    16 |       ||    18
       Petrifying        |       |       |       |       |       |     1 |       ||     1
       Sleeping          |       |       |       |       |       |     1 |       ||     1
Armor: Scale mail        |    13 |       |       |       |       |    69 |       ||    82
       Chain mail        |    21 |    74 |    14 |       |       |       |       ||   109
       Swamp dragon scal |       |       |    26 |   115 |   278 |   131 |       ||   550
       Ring mail         |       |       |       |     7 |     4 |       |       ||    11
       Leather armour    |       |       |       |       |    46 |     2 |       ||    48
       Plate armour      |       |       |       |       |       |   199 |   426 ||   625
Dodge: Dodged            |    35 |    41 |   165 |   344 |   613 |   480 |   403 ||  2081
Block: Buckler           |    19 |    30 |    37 |   128 |   513 |       |       ||   727
       Kite shield       |       |       |       |       |    16 |  1035 |   219 ||  1270
       Reflection        |       |       |       |       |     6 |    48 |    12 ||    66
       Tower shield      |       |       |       |       |       |       |   867 ||   867
